 Dungeon Crawl Stone Soup version 0.31-a0-844-gdc52ec4e09 (webtiles) character file.

Game seed: 11472173052889002329

288972 scionoferis the Wrestler (level 20, 0/182 HPs)
             Began as a Hill Orc Monk on Sept 29, 2023.
             Was a High Priest of Beogh.
             Slain by an ironbound frostheart (7 damage)
             ... on level 3 of the Vaults on Sept 30, 2023.
             The game lasted 05:11:26 (64712 turns).

scionoferis the Wrestler (Hill Orc Monk)           Turns: 64712, Time: 05:11:31

Health: 0/182      AC: 38    Str: 25    XL:     20   Next: 71%
Magic:  34/34      EV: 11    Int:  6    God:    Beogh [*****.]
Gold:   2086       SH: 20    Dex: 17    Spells: 19/19 levels left

rFire   + .          .
                       - Unarmed
rCold   + . .        Z - +0 kite shield {AC+3}
rNeg    + . .        I - +13 plate armour of Bitterness {rElec Str-2 Int-4 SInv}
rPois   +            K - +1 hat {Will+}
rElec   +            o - scarf {repulsion}
rCorr   .            S - +1 pair of gloves {hurl}
SInv    +            U - +2 pair of boots of Ciuc {rPois rC+ Str+4}
Will    +++..        p - amulet of reflection Stlth
                     O - ring "Zirr" {rF+ Will+ Dex+4}
HPRegen 0.50/turn    w - ring of positive energy
MPRegen 0.24/turn

%: repel missiles, reflection
@: studying 5 skills
A: walk on water
}: 2/15 runes: barnacled, gossamer
a: Renounce Religion, Smiting, Recall Orcish Followers, Give Item to Named
Follower


You were on level 3 of the Vaults.
You worshipped Beogh.
Beogh was extremely pleased with you.
You visited 7 branches of the dungeon, and saw 36 of its levels.
You visited 1 bazaar.
You also visited: Ossuary and Gauntlet.

You collected 4721 gold pieces.
You spent 2635 gold pieces at shops.


   Skills:
 + Level 16.5 Fighting
 + Level 12.0 Armour
 + Level 9.4 Dodging
 + Level 18.1 Shields
 + Level 22.6 Unarmed Combat
 + Level 20.9 Invocations
 + Level 13.5 Evocations
 * Level 5.4 Shapeshifting


You had 19 spell levels left.
You didn't know any spells.
Your spell library contained the following spells:

 Spells                   Type           Power      Damage    Failure   Level
 Apportation              Tloc           0%         N/A       99%         1
 Freeze                   Ice            0%         1d3       99%         1
 Kiss of Death            Conj/Necr      0%         2d5       99%         1
 Magic Dart               Conj           0%         1d3       99%         1
 Necrotise                Necr           0%         1d4       99%         1
 Sandblast                Erth           0%         2d4       99%         1
 Summon Small Mammal      Summ           0%         N/A       99%         1
 Blink                    Tloc           0%         N/A       100%        2
 Call Imp                 Summ           0%         N/A       100%        2
 Cigotuvi's Dreadful Rot  Necr/Pois/Air  0%         N/A       100%        2
 Ensorcelled Hibernation  Hex/Ice        0%         N/A       100%        2
 Jinxbite                 Hex            0%         N/A       100%        2
 Lesser Beckoning         Tloc           0%         N/A       100%        2
 Momentum Strike          Conj/Tloc      0%         3d8       100%        2
 Passwall                 Tmut/Erth      0%         N/A       100%        2
 Searing Ray              Conj           0%         2d4       100%        2
 Static Discharge         Conj/Air       0%         2-2/arc   100%        2
 Wereblood                Tmut           0%         N/A       100%        2
 Call Canine Familiar     Summ           0%         N/A       100%        3
 Confusing Touch          Hex            0%         N/A       100%        3
 Frozen Ramparts          Ice            0%         1d1       100%        3
 Gell's Gravitas          Tloc           0%         N/A       100%        3
 Hailstorm                Conj/Ice       0%         3d3       100%        3
 Ignite Poison            Fire/Tmut/Pois 0%         N/A       100%        3
 Mephitic Cloud           Conj/Pois/Air  0%         N/A       100%        3
 Ozocubu's Armour         Ice            0%         N/A       100%        3
 Sigil of Binding         Hex            0%         N/A       100%        3
 Stone Arrow              Conj/Erth      0%         3d7       100%        3
 Teleport Other           Tloc           0%         N/A       100%        3
 Tukima's Dance           Hex            0%         N/A       100%        3
 Vampiric Draining        Necr           0%         2d6       100%        3
 Volatile Blastmotes      Fire/Tloc      0%         2d10      100%        3
 Airstrike                Air            0%         2d(0-16)  100%        4
 Anguish                  Hex/Necr       0%         N/A       100%        4
 Brom's Barrelling Bould  Conj/Erth      0%         2d3       100%        4
 Cause Fear               Hex            0%         N/A       100%        4
 Dimensional Bullseye     Hex/Tloc       0%         N/A       100%        4
 Dispel Undead            Necr           0%         3d6       100%        4
 Fulminant Prism          Conj/Hex       0%         3d5       100%        4
 Iskenderun's Mystic Bla  Conj/Tloc      0%         2d3       100%        4
 Leda's Liquefaction      Hex/Erth       0%         N/A       100%        4
 Manifold Assault         Tloc           0%         N/A       100%        4
 Passage of Golubria      Tloc           0%         N/A       100%        4
 Summon Ice Beast         Ice/Summ       0%         N/A       100%        4
 Summon Lightning Spire   Summ/Air       0%         N/A       100%        4
 Vhi's Electric Charge    Tloc/Air       0%         N/A       100%        4
 Agony                    Necr           0%         N/A       100%        5
 Alistair's Intoxication  Tmut/Pois      0%         N/A       100%        5
 Arcjolt                  Conj/Air       0%         1d10      100%        5
 Fireball                 Conj/Fire      0%         3d3       100%        5
 Freezing Cloud           Conj/Ice/Air   0%         6-21      100%        5
 Irradiate                Conj/Tmut      0%         3d11      100%        5
 Iskenderun's Battlesphe  Conj           0%         2d6       100%        5
 Metabolic Englaciation   Hex/Ice        0%         N/A       100%        5
 Summon Mana Viper        Hex/Summ       0%         N/A       100%        5
 Yara's Violent Unravell  Hex/Tmut       0%         3d3       100%        5
 Bombard                  Conj/Erth      0%         9d1       100%        6
 Dispersal                Tloc           0%         N/A       100%        6
 Simulacrum               Ice/Necr       0%         N/A       100%        6
 Monstrous Menagerie      Summ           0%         N/A       100%        7
 Spellforged Servitor     Conj/Summ      0%         N/A       100%        7
 Lehudib's Crystal Spear  Conj/Erth      0%         10d2      100%        8
 Maxwell's Capacitive Co  Air            0%         ∞         100%        8
 Death's Door             Necr           0%         N/A       100%        9
 Dragon's Call            Summ           0%         N/A       100%        9
 Shatter                  Erth           0%         3d5*      100%        9

Inventory:

Missiles
 g - 60 poisoned darts (quivered)
 n - 6 throwing nets
 y - 11 curare-tipped darts
Armour
 o - a scarf of repulsion (worn)
   (You found it on level 1 of the Lair of Beasts)
 I - the +13 plate armour of Bitterness (worn) {rElec Str-2 Int-4 SInv}
   (You found it on level 9 of the Dungeon)

   Str-2:     It affects your strength (-2).
   Int-4:     It affects your intelligence (-4).
   rElec:     It insulates you from electricity.
   SInv:      It lets you see invisible.
 K - a +1 hat of willpower (worn)
   (You took it off Gastronok on level 9 of the Dungeon)
 N - a scarf of invisibility
   (You bought it in a shop on level 2 of the Elven Halls)
 S - a +1 pair of gloves of hurling (worn)
   (You found it on level 4 of the Spider Nest)
 U - the +2 pair of boots of Ciuc (worn) {rPois rC+ Str+4}
   (You found it on level 4 of the Spider Nest)

   Str+4:     It affects your strength (+4).
   rC+:       It protects you from cold.
   rPois:     It protects you from poison
 Z - a +0 kite shield of protection (worn)
   (You took it off a deep elf high priest on level 2 of the Elven Halls)
Jewellery
 a - the ring of the Suburbs {rF+ Str+2 Int+3}
   (You took it off a deep elf annihilator on level 2 of the Elven Halls)

   [ring of protection from fire]

   Str+2:     It affects your strength (+2).
   Int+3:     It affects your intelligence (+3).
   rF+:       It protects you from fire.
 h - the ring of Nouf {Will++ rCorr}
   (You found it in a Gauntlet)

   [ring of resist corrosion]

   Will++:    It greatly increases your willpower.
   rCorr:     It protects you from acid and corrosion.
 l - a ring of protection from cold
   (You found it on level 5 of the Lair of Beasts)
 p - an amulet of reflection (around neck)
   (You took it off a kobold on level 2 of the Dungeon)
 v - a ring of flight
   (You took it off a goblin on level 3 of the Dungeon)
 w - a ring of positive energy (right hand)
   (You found it in a Gauntlet)
 H - a ring of see invisible
   (You found it on level 3 of the Vaults)
 O - the ring "Zirr" (left hand) {rF+ Will+ Dex+4}
   (You acquired it on level 15 of the Dungeon)

   [ring of willpower]

   Dex+4:     It affects your dexterity (+4).
   rF+:       It protects you from fire.
   Will+:     It increases your willpower.
 X - a ring of positive energy
   (You took it off a deep elf sorcerer on level 2 of the Elven Halls)
Talismans
 t - a talisman of death
   (You found it on level 3 of the Elven Halls)
Wands
 k - a wand of mindburst (15)
   (You found it on level 5 of the Lair of Beasts)
 s - a wand of charming (12)
   (You found it on level 2 of the Dungeon)
 x - a wand of iceblast (39)
   (You took it off Ijyb on level 3 of the Dungeon)
 G - a wand of digging (11)
   (You found it on level 8 of the Dungeon)
 M - a wand of acid (6)
   (You found it on level 2 of the Vaults)
 Y - a wand of flame (16)
   (You found it on level 12 of the Dungeon)
Scrolls
 e - 4 scrolls of summoning
 f - 10 scrolls of teleportation
 m - 5 scrolls of blinking
 r - 7 scrolls of revelation
 A - 7 scrolls of fear
 J - a scroll of poison
 P - 2 scrolls of fog
 R - 5 scrolls of silence
Potions
 b - 5 potions of ambrosia
 c - 2 potions of resistance
 d - a potion of cancellation
 i - 2 potions of lignification
 j - 2 potions of heal wounds
 q - 8 potions of might
 u - a potion of berserk rage
 z - 2 potions of invisibility
 D - 16 potions of curing
 F - 3 potions of magic
 L - 4 potions of enlightenment
 T - 5 potions of mutation
 V - 7 potions of haste
Miscellaneous
 B - a phantom mirror
   (You found it on level 3 of the Elven Halls)
 C - a box of beasts (inert)
   (You found it on level 3 of the Elven Halls)
 E - a lightning rod (4/4)
   (You found it on level 3 of the Elven Halls)

Dungeon Overview and Level Annotations

Branches:
Dungeon (15/15)            Temple (0/1) D:5            Lair (5/5) D:10
 Shoals (4/4) Lair:2       Spider (4/4) Lair:3        Slime (0/5) Lair:4
    Orc (2/2) D:11            Elf (3/3) Orc:2        Vaults (3/5) D:13
 Depths (0/4) D:15        Ossuary (visited)         Gauntlet (visited)
  Crypt: Vaults:2-3

Altars:
Dithmenos
Fedhas
Hepliaklqana
Makhleb
Nemelex Xobeh
Okawaru
Qazlal
Sif Muna
Trog
Uskayaw
Wu Jian
Xom
Zin
Beogh
Jiyva

Shops:
D:5 :=(   D:7 *   D:11 =   D:15 (   Orc:2 ?((?   Elf:1 :=:   Elf:2 [:
Shoals:3 (   Vaults:1 =   Vaults:2 !

Portals:
Trove: Elf:3 (lose all piety)

Annotations:
Lair:1 Nergalle
Vaults:1 2 transporters, exclusion: orange crystal statue, Harhicoo's ghost, adept MiBe

##+##....#
#.##.# #.##.#
#....#
####'####
###....###
###.H......#
+.Jp.#''#....
+..@.'?(+ ...
#.)pG'$?+ ..
+....#++# .
###... ###..
+#+


You could see a great orb of eyes, a slime creature, 2 ironbound frosthearts and
a friendly mature fireweird beast (summoned).


Message History

The yaktaur is severely wounded.
You block the yaktaur's attack.
You hit the yaktaur.
The yaktaur is severely wounded.
You pummel the yaktaur!!
You kill the yaktaur!
Beogh accepts your kill.
No target in view!
You see here a +4 arbalest.
There is an open door here.
You open the door.
There is an open door here.
You open the door.
There is an open door here.
You open the door.
There is an open door here.
You open the door.
There is an open door here.
There is an open door here.
You open the door. You open the door.
There is an open door here.
You open the door.
Found a stone staircase leading down.
There is an open door here.
There is an open door here.
There is an open door here.
There is an open door here.
You open the door.
There is an open door here.
There is an open door here.
There is an open door here.
There is an open door here.
There is an open door here.
There is an open door here.
A yaktaur comes into view.
The yaktaur shouts!
The yaktaur wields a +0 arbalest.
The yaktaur shoots a bolt.
You block the bolt with an invisible shield... and reflect it back!
The bolt hits the yaktaur!!
The yaktaur shoots a bolt.
The bolt closely misses you.
The yaktaur unwields a +0 arbalest.
The yaktaur barely misses you.
You hit the yaktaur but do no damage.
The yaktaur is heavily wounded.
The yaktaur closely misses you.
You pulverise the yaktaur!!!
You kill the yaktaur!
Beogh accepts your kill.
No target in view!
W - 3 scrolls of enchant armour You see here a +0 arbalest.
You open the door.
Found a stone staircase leading up.
No target in view!
There is an open door here.
There is a stone staircase leading up here.
You open the door.
There is an open door here.
You open the door.
There is an open door here.
There is an open door here.
A deep troll comes into view.
The deep troll shouts!
You hear a shout!
A deep troll comes into view.
An ironbound preserver comes into view. It is wielding a +0 mace.
The deep troll closely misses you.
The deep troll claws you but does no damage.
You block the deep troll's attack.
You punch the deep troll!
The deep troll is moderately wounded.
You punch the deep troll!
The deep troll is heavily wounded.
You block the deep troll's attack. x2; The deep troll closely misses you.
You block the deep troll's attack. The deep troll closely misses you.
The deep troll claws you but does no damage.
You hit the deep troll but do no damage.
The deep troll is heavily wounded.
You block the deep troll's attack. The deep troll barely misses you.
You block the deep troll's attack. The deep troll closely misses you.
You block the deep troll's attack. The deep troll misses you.
You pummel the deep troll!!
The deep troll is almost dead.
You pummel the deep troll!!
You kill the deep troll!
Beogh accepts your kill.
The troll leather armour is intact enough to wear.
You block the deep troll's attack. The deep troll claws you!
The deep troll claws you but does no damage.
You pummel the ironbound preserver like a punching bag!!!
The ironbound preserver is moderately wounded.
The deep troll closely misses you. You block the deep troll's attack. x2
The ironbound preserver hits you but does no damage.
You pummel the ironbound preserver like a punching bag!!!
The ironbound preserver is severely wounded.
You punch the ironbound preserver!
The ironbound preserver is severely wounded.
You block the deep troll's attack. The deep troll claws you! x2
The ironbound preserver casts a spell.
The ironbound preserver is healed somewhat.
You punch the ironbound preserver!
The ironbound preserver is severely wounded.
You barely miss the ironbound preserver.
The ironbound preserver is severely wounded.
The deep troll bites you but does no damage.
You block the deep troll's attack. x2
The ironbound preserver hits you but does no damage.
You pulverise the ironbound preserver!!!
You kill the ironbound preserver!
Beogh accepts your kill. The deep troll barely misses you.
The deep troll claws you but does no damage.
You block the deep troll's attack.
You hit the deep troll.
The deep troll is lightly wounded.
You hit the deep troll.
The deep troll is lightly wounded.
The deep troll barely misses you. You block the deep troll's attack.
The deep troll closely misses you.
You hit the deep troll but do no damage.
The deep troll is lightly wounded.
You block the deep troll's attack. x3
You closely miss the deep troll.
The deep troll is lightly wounded.
You pummel the deep troll like a punching bag!!!
The deep troll is severely wounded.
You block the deep troll's attack. x3
You barely miss the deep troll.
The deep troll is severely wounded.
You punch the deep troll!
The deep troll is almost dead.
You block the deep troll's attack. The deep troll barely misses you.
The deep troll closely misses you.
You hit the deep troll but do no damage.
The deep troll is almost dead.
The deep troll bites you but does no damage.
The deep troll claws you! You block the deep troll's attack.
You closely miss the deep troll.
The deep troll is almost dead.
You punch the deep troll!
You kill the deep troll!
Beogh accepts your kill.
Your Shapeshifting skill increases to level 5!
Items here: ) [[ †.
There is an open door, spattered with blood here.
As you open the door, it creaks loudly!
An ironbound preserver comes into view. It is wielding a +0 morningstar.
The ironbound preserver shouts!
Found a plate armour and a runed flail.
You block the ironbound preserver's attack.
There is an open door here.
You barely miss the ironbound preserver.
You block the ironbound preserver's attack.
You punch the ironbound preserver!
The ironbound preserver is lightly wounded.
You beat the ironbound preserver into a bloody pulp!!!
The ironbound preserver is heavily wounded.
The ironbound preserver closely misses you.
You pummel the ironbound preserver!!
The ironbound preserver is severely wounded.
You pummel the ironbound preserver like a punching bag!!!
You kill the ironbound preserver!
Beogh accepts your kill.
No target in view!
You see here a +0 plate armour.
You see here a +3 flail.
Things that are here:
a +0 morningstar; a +0 leather armour; a human corpse
There is an open door here.
You open the door.
Found a chain mail.
There is an open door here.
You open the door.
A dire elephant comes into view.
The dire elephant trumpets!
You pummel the dire elephant!!
The dire elephant is moderately wounded.
You block the dire elephant's attack. The dire elephant trunk-slaps you.
You punch the dire elephant!
The dire elephant is moderately wounded.
You hit the dire elephant.
The dire elephant is heavily wounded.
You block the dire elephant's attack.
The dire elephant trunk-slaps you but does no damage.
You pummel the dire elephant!!
The dire elephant is severely wounded.
You block the dire elephant's attack. x2
You pummel the dire elephant!!
The dire elephant is almost dead.
You pummel the dire elephant!!
You kill the dire elephant!
Beogh accepts your kill.
No target in view!
There is an open door, spattered with blood here.
You open the door.
Found 4 stones and a chain mail.
There is an open door here.
You open the door.
There is an open door, spattered with blood here.
Found a spear.
A deep troll comes into view.
The deep troll shouts!
You closely miss the deep troll. You block the deep troll's attack.
The deep troll claws you but does no damage.
You block the deep troll's attack.
You pummel the deep troll!!
The deep troll is moderately wounded.
You hit the deep troll.
The deep troll is heavily wounded.
The deep troll bites you. You block the deep troll's attack. x2
You barely miss the deep troll.
The deep troll is heavily wounded.
You pummel the deep troll!!
The deep troll is almost dead.
You block the deep troll's attack. x3
You hit the deep troll but do no damage.
The deep troll is almost dead.
You block the deep troll's attack. x2
The deep troll claws you but does no damage.
You punch the deep troll!
You kill the deep troll!
Beogh accepts your kill.
The troll leather armour is intact enough to wear.
You open the door.
There is an open door here.
There is a stone staircase leading down here.
You open the door.
There is an open door here.
Things that are here:
a +0 dagger; a +0 robe
There is an open door, spattered with blood here.
There is an open door here.
There is an open door here.
There is an open door here.
Things that are here:
a +0 troll leather armour; a +0 dire flail; a +0 ring mail You see here a +0 troll leather armour.
There is an open door, spattered with blood here.
There is an open door here.
There is a large open door here.
There is an open door here.
A boulder beetle comes into view.
Found four items.
The boulder beetle leaps!
You squash the boulder beetle like an ant!!!
The boulder beetle is heavily wounded.
You block the boulder beetle's attack.
You pummel the boulder beetle!!
The boulder beetle is almost dead.
You punch the boulder beetle!
You kill the boulder beetle!
Beogh accepts your kill.
No target in view!
You pick up a book of Necromancy and begin reading...
You add the spells Vampiric Draining and Agony to your library.
You see here 6 stones.
Your pack is full.
You see here a potion of lignification.
Your pack is full.
You see here a potion of lignification.
Okay, then.
You see here 6 stones.
You now have 2000 gold pieces (gained 23).
What level of the Dungeon? (default 13, ? - help)
There is an open door here.
There is a large open door here.
There is a stone staircase leading up here.
You climb upwards.
Level annotation: 2 transporters, exclusion: orange crystal statue, Harhicoo's ghost, adept MiBe
There is a stone staircase leading down here.
There is an open door here.
There is an open door here.
You open the door.
There is an open door, spattered with blood here.
There is a gate leading back out of this place here.
You go up through the gate.
Welcome back to the Dungeon!
There is a gate to the Vaults here.
You drop a scroll of amnesia.
You drop 5 javelins.
You drop a scroll of identify.
You drop 3 scrolls of enchant armour.
Unknown command.
There is a gate to the Vaults here.
You go down through the gate.
Welcome back to the Vaults!
This branch contains the silver rune of Zot.
Level annotation: 2 transporters, exclusion: orange crystal statue, Harhicoo's ghost, adept MiBe
There is a gate leading back out of this place here.
There is an open door, spattered with blood here.
There is an open door here.
There is an open door here.
There is a stone staircase leading down here.
You climb downwards.
There is a stone staircase leading up here.
There is a large open door here.
There is an open door here.
i - a potion of lignification
There is an open door here.
You see here a +0 troll leather armour.
You see here a +0 troll leather armour.
There is an open door here.
Done exploring.
Done exploring.
There is an open door here.
There is an open door here.
There is a stone staircase leading down here.
You climb downwards.
The wizard shouts!
There is a stone staircase leading up here.
You open the door.
An ironbound convoker comes into view. It is wielding a +0 great mace.
The ironbound convoker shouts!
Found a hand axe and 34 gold pieces.
You start waiting.
The red ugly thing gurgles horribly!
A red ugly thing opens the door.
You hit the ironbound convoker but do no damage.
A brown ugly thing comes into view.
A red ugly thing comes into view.
You completely miss the ironbound convoker.
The brown ugly thing gurgles horribly!
The red ugly thing gurgles horribly!
The ironbound convoker begins to recite a word of recall!
You completely miss the ironbound convoker.
You hit the ironbound convoker but do no damage.
You pummel the ironbound convoker!!
The ironbound convoker is moderately wounded.
You closely miss the ironbound convoker.
The ironbound convoker is moderately wounded.
You hit the ironbound convoker but do no damage.
The ironbound convoker is moderately wounded.
The yaktaur is recalled.
The deep troll is recalled.
The yaktaur is recalled.
The vault warden is recalled.
The entropy weaver is recalled.
An entropy weaver comes into view.
A vault warden comes into view. It is wielding a +0 long sword.
You block the yaktaur's attack.
You block the ironbound convoker's attack.
The wizard casts a spell.
The wizard flickers and vanishes for a moment.
The yaktaur wields an arbalest.
The yaktaur shoots a bolt.
The bolt completely misses you. 2 yaktaurs come into view.
You closely miss the ironbound convoker.
The ironbound convoker is moderately wounded.
The ironbound convoker casts a spell at the red ugly thing.
The red ugly thing seems to grow stronger.
The yaktaur hits you.
You barely miss the ironbound convoker.
The ironbound convoker is moderately wounded.
The entropy weaver hits you! You block the entropy weaver's attack.
The entropy weaver hits you but does no damage.
The entropy weaver hits you. You block the red ugly thing's attack.
Unknown command.
You pummel the ironbound convoker!!
The ironbound convoker is almost dead.
You block the ironbound convoker's attack.
An ironbound convoker comes into view. It is wielding a +0 morningstar.
The yaktaur hits you!
The entropy weaver hits you but does no damage.
The entropy weaver barely misses you.
You block the entropy weaver's attack. x2
A deep troll comes into view.
You punch the ironbound convoker!
You kill the ironbound convoker!
Beogh accepts your kill.
The brown ugly thing basks in the mutagenic energy from its kin and changes!
The red ugly thing bites you but does no damage.
You block the yaktaur's attack.
You completely miss the yaktaur. You block the entropy weaver's attack.
The entropy weaver barely misses you. You block the entropy weaver's attack.
The entropy weaver hits you.
The red ugly thing bites you but does no damage.
You pummel the yaktaur!!
The yaktaur is severely wounded.
You block the entropy weaver's attack. x2
The entropy weaver hits you but does no damage. x2
The yaktaur hits you.
You pummel the yaktaur!!
You kill the yaktaur!
Beogh accepts your kill.
The red ugly thing bites you but does no damage.
You block the entropy weaver's attack. x2
The entropy weaver hits you but does no damage.
You block the entropy weaver's attack. The wizard hits you but does no damage.
The yaktaur unwields a +0 arbalest.
The yaktaur hits you but does no damage.
You block the entropy weaver's attack. x4
The red ugly thing bites you but does no damage.
You block the wizard's attack.
Things that are here:
a +0 arbalest; a yaktaur corpse The red ugly thing tentacle-slaps you but does no damage.
The wizard hits you with a +0 dagger of speed.
There is a stone staircase leading up here.
Unknown command.
You block the wizard's attack.
The red ugly thing tentacle-slaps you but does no damage.
The entropy weaver completely misses you.
You block the entropy weaver's attack. x2
The entropy weaver hits you but does no damage.
The yaktaur wields a +0 arbalest.
The yaktaur shoots a bolt.
The bolt barely misses the wizard.
The bolt barely misses you.
The red ugly thing bites you but does no damage.
The wizard barely misses you.
You climb upwards.
There is a stone staircase leading down here.
You closely miss the entropy weaver.
You block the entropy weaver's attack. x3
The entropy weaver closely misses you. The red ugly thing tentacle-slaps you.
You are engulfed in flames!
You resist. The wizard hits you but does no damage.
You punch the entropy weaver!
The entropy weaver is lightly wounded.
You block the red ugly thing's attack. You block the wizard's attack.
The entropy weaver hits you but does no damage.
The entropy weaver barely misses you. x2
You block the entropy weaver's attack.
You punch the entropy weaver!
The entropy weaver is moderately wounded.
The red ugly thing tentacle-slaps you but does no damage.
The red ugly thing bites you!
You are engulfed in flames!
You resist.
You punch the wizard!
The wizard is heavily wounded.
You block the wizard's attack.
You block the entropy weaver's attack. x3
The entropy weaver hits you but does no damage.
You pummel the wizard!!
You kill the wizard!
Beogh accepts your kill. You block the red ugly thing's attack.
The red ugly thing barely misses you. The entropy weaver barely misses you.
The entropy weaver hits you.
The entropy weaver hits you but does no damage. x2
You completely miss the entropy weaver.
The entropy weaver is moderately wounded.
The red ugly thing tentacle-slaps you but does no damage.
You miss the entropy weaver.
The entropy weaver is moderately wounded.
The red ugly thing bites you but does no damage.
You block the entropy weaver's attack. x2
The entropy weaver hits you but does no damage. x2
You hit the entropy weaver.
The entropy weaver is heavily wounded.
You block the red ugly thing's attack.
The entropy weaver hits you but does no damage. x3
You block the entropy weaver's attack. You block the red ugly thing's attack.
You pummel the entropy weaver!!
The entropy weaver is almost dead.
The red ugly thing closely misses you.
You pummel the entropy weaver like a punching bag!!!
You kill the entropy weaver!
Beogh accepts your kill. You block the red ugly thing's attack.
You punch the red ugly thing!
The red ugly thing is moderately wounded.
The red ugly thing tentacle-slaps you but does no damage.
You block the red ugly thing's attack.
You pummel the red ugly thing!!
The red ugly thing is severely wounded.
You pulverise the red ugly thing!!!
You kill the red ugly thing!
Beogh accepts your kill. You block the red ugly thing's attack.
You barely miss the red ugly thing. You punch the red ugly thing!
The red ugly thing is moderately wounded.
You block the red ugly thing's attack.
You barely miss the red ugly thing.
The red ugly thing is lightly wounded.
You block the red ugly thing's attack.
You pulverise the red ugly thing!!!
The red ugly thing is almost dead.
You pummel the red ugly thing!!
You kill the red ugly thing!
Beogh accepts your kill.
No target in view!
You start resting.
HP restored.
Things that are here:
a +0 dagger of speed; a +0 robe
There is a stone staircase leading down, spattered with blood here.
You climb downwards.
The vault warden barely misses you.
The yaktaur shoots a bolt.
You block the bolt with an invisible shield... and reflect it back!
The bolt barely misses the yaktaur.
The red ugly thing barely misses you.
The ironbound convoker begins to recite a word of recall!
You block the vault warden's attack.
There is a stone staircase leading up here.
The yaktaur shoots a bolt.
You block the bolt with an invisible shield... and reflect it back!
The bolt hits the yaktaur!!
The red ugly thing claws you.
You are engulfed in flames!
You resist. You block the vault warden's attack.
You climb upwards.
There is a stone staircase leading down, spattered with blood here.
Unknown command.
You pummel the vault warden!!
The vault warden is moderately wounded.
You block the red ugly thing's attack.
You pummel the vault warden!!
The vault warden is heavily wounded.
The vault warden hits you with a +0 long sword!
You hit the vault warden.
The vault warden is heavily wounded.
You block the red ugly thing's attack.
The vault warden activates a sealing rune.
The doors slam shut!
You closely miss the vault warden.
The vault warden is heavily wounded.
The red ugly thing closely misses you.
You pummel the vault warden!!
The vault warden is severely wounded.
You block the vault warden's attack.
You pummel the vault warden!!
You kill the vault warden!
Beogh accepts your kill.
The runic seals fade away.
You block the red ugly thing's attack.
You completely miss the red ugly thing. You pummel the red ugly thing!!
The red ugly thing is moderately wounded.
You block the red ugly thing's attack.
You hit the red ugly thing but do no damage.
The red ugly thing is moderately wounded.
You block the red ugly thing's attack.
You punch the red ugly thing!
The red ugly thing is moderately wounded.
You pummel the red ugly thing!!
The red ugly thing is severely wounded.
You block the red ugly thing's attack.
You punch the red ugly thing!
The red ugly thing is severely wounded.
You block the red ugly thing's attack.
You punch the red ugly thing!
The red ugly thing is almost dead.
You punch the red ugly thing!
You kill the red ugly thing!
Beogh accepts your kill.
No target in view!
You start resting.
HP restored.
You climb downwards.
The yaktaur shoots a bolt.
You block the bolt with an invisible shield... and reflect it back!
The bolt hits the yaktaur!!
The deep troll bites you but does no damage.
You block the deep troll's attack. The deep troll claws you.
The yaktaur shoots a bolt.
The bolt barely misses you.
There is a stone staircase leading up here.
The deep troll barely misses you.
The deep troll claws you but does no damage.
The deep troll claws you!
The yaktaur shoots a bolt.
You block the bolt with an invisible shield... and reflect it back!
The bolt hits the yaktaur!!!
You kill the yaktaur!
Beogh accepts your kill.
You climb upwards.
There is a stone staircase leading down here.
You closely miss the deep troll. You block the deep troll's attack. x2
The deep troll claws you but does no damage.
You hit the deep troll but do no damage.
You block the deep troll's attack.
The deep troll claws you but does no damage.
You block the deep troll's attack.
You punch the deep troll!
The deep troll is moderately wounded.
You barely miss the deep troll.
The deep troll is moderately wounded.
The deep troll bites you but does no damage.
The deep troll claws you! You block the deep troll's attack.
You closely miss the deep troll.
The deep troll is moderately wounded.
The deep troll bites you but does no damage.
The deep troll closely misses you.
The deep troll claws you but does no damage.
You barely miss the deep troll.
The deep troll is moderately wounded.
You pummel the deep troll!!
The deep troll is severely wounded.
You block the deep troll's attack. x2
The deep troll claws you but does no damage.
You barely miss the deep troll.
The deep troll is severely wounded.
You pulverise the deep troll!!!
You kill the deep troll!
Beogh accepts your kill.
The troll leather armour is intact enough to wear.
No target in view!
No target in view!
You begin recalling your allies.
Your orc knight is recalled.
Harm is recalled.
Morguth is recalled.
You stop recalling your allies.
You start resting.
Magic restored.
What are your orders? t - Shout!
Orders for allies: a - Attack new target. r - Retreat! s - Stop attacking. g - Guard the area. f - Follow me.
Anything else - Cancel.
Guard this area!
You climb downwards.
The ironbound convoker begins to recite a word of recall!
There is a stone staircase leading up, spattered with blood here.
You climb upwards.
Morguth hits the ironbound convoker with a +0 battleaxe!
Your orc knight roars a battlecry!
Your orc warlords go into a battle-frenzy!
Harm roars a battlecry!
Your orc knight goes into a battle-frenzy!
Morguth hits the ironbound convoker with a +0 battleaxe!!
There is a stone staircase leading down, spattered with blood here.
You hit the ironbound convoker but do no damage.
The ironbound convoker is severely wounded.
Harm hits the ironbound convoker with a +0 war axe!
The ironbound convoker hits you but does no damage.
Morguth hits the ironbound convoker with a +0 battleaxe!!
The ironbound convoker dies!
Beogh accepts your kill.
You start resting.
Harm no longer looks unusually strong.
Morguth no longer looks unusually strong.
Your orc knight no longer looks unusually strong.
HP restored.
Items here: )) [[ †.
Things that are here:
a +0 troll leather armour; a deep troll corpse
There is a stone staircase leading down, spattered with blood here.
You climb downwards.
There is a stone staircase leading up, spattered with blood here.
Things that are here:
a +0 arbalest; a yaktaur skeleton
Things that are here:
a +0 arbalest; a yaktaur corpse
Found 7 stones.
There is an open door, spattered with blood here.
Things that are here:
a +0 scale mail; a +0 great mace You now have 2034 gold pieces (gained 34).
You see here 7 stones.
There is an open door, spattered with blood here.
Things that are here:
a +0 scale mail; a +0 great mace
There is a broken door here.
There is a broken door here.
There is a stone staircase leading up, spattered with blood here.
There is a broken door here.
You open the door.
There is an open door here.
You now have 2050 gold pieces (gained 16).
You open the door.
There is an open door here.
A yaktaur comes into view.
The yaktaur shouts!
A yaktaur comes into view.
The yaktaur wields a +0 arbalest.
The yaktaur shoots a bolt.
You block the bolt with an invisible shield... and reflect it back!
The bolt hits the yaktaur!
A yaktaur captain and 2 yaktaurs come into view.
The yaktaur shouts!
The yaktaur captain shouts!
The yaktaur shouts! x2
The yaktaur wields a +0 arbalest.
The yaktaur shoots a bolt.
The bolt misses you.
The yaktaur captain wields a +0 arbalest.
The yaktaur captain shoots a bolt.
You block the bolt with an invisible shield... and reflect it back!
The bolt hits the yaktaur captain!
The yaktaur shoots a bolt.
You block the bolt with an invisible shield... and reflect it back!
The bolt hits the yaktaur!
The yaktaur moves out of view.
A yaktaur captain comes into view.
The yaktaur shoots a bolt.
You block the bolt with an invisible shield... and reflect it back!
The bolt hits the yaktaur!!
You kill the yaktaur!
Beogh accepts your kill.
The yaktaur shoots a bolt.
You block the bolt with an invisible shield... and reflect it back!
The bolt hits the yaktaur!!
The yaktaur captain moves out of view.
There is an open door here.
You start waiting.
A yaktaur is nearby!
The yaktaur wields a +0 arbalest.
The yaktaur shoots a bolt.
You block the bolt with an invisible shield... and reflect it back!
The bolt hits the yaktaur!!
A yaktaur comes into view.
The yaktaur unwields a +0 arbalest.
The yaktaur hits you but does no damage.
The yaktaur shouts!
You pummel the yaktaur!!
You kill the yaktaur!
Beogh accepts your kill.
The yaktaur captain shoots a bolt.
You block the bolt with an invisible shield... and reflect it back!
The bolt hits the yaktaur captain!!!
The yaktaur captain unwields a +0 arbalest.
The yaktaur captain barely misses you.
There is an open door, spattered with blood here.
You see here a +0 arbalest.
You punch the yaktaur captain!
The yaktaur captain is severely wounded.
You pummel the yaktaur captain!!
You kill the yaktaur captain!
Beogh accepts your kill. The yaktaur captain hits you!
You see here a +0 arbalest.
You barely miss the yaktaur captain. You block the yaktaur captain's attack.
You pummel the yaktaur captain!!
The yaktaur captain is moderately wounded.
You pummel the yaktaur captain!!
The yaktaur captain is severely wounded.
You block the yaktaur captain's attack.
You pummel the yaktaur captain!!
The yaktaur captain is almost dead.
The yaktaur captain hits you but does no damage.
You pummel the yaktaur captain!!
You kill the yaktaur captain!
Beogh accepts your kill.
You punch the yaktaur!
The yaktaur is severely wounded.
The yaktaur unwields a +0 arbalest.
You block the yaktaur's attack.
You punch the yaktaur!
The yaktaur is almost dead.
You pummel the yaktaur!!
You kill the yaktaur!
Beogh accepts your kill. You block the yaktaur's attack.
Things that are here:
a +0 arbalest; a +0 arbalest; a yaktaur corpse You punch the yaktaur!
The yaktaur is lightly wounded.
The yaktaur hits you but does no damage.
You block the yaktaur's attack.
You hit the yaktaur.
The yaktaur is moderately wounded.
You hit the yaktaur.
The yaktaur is moderately wounded.
The yaktaur hits you but does no damage.
You block the yaktaur's attack.
You barely miss the yaktaur.
The yaktaur is moderately wounded.
The yaktaur misses you.
The yaktaur hits you but does no damage.
You pummel the yaktaur!!
You kill the yaktaur!
Beogh accepts your kill.
You hit the yaktaur but do no damage. You block the yaktaur's attack.
You pummel the yaktaur!!
The yaktaur is severely wounded.
You hit the yaktaur.
The yaktaur is almost dead.
You block the yaktaur's attack.
You pummel the yaktaur!!
You kill the yaktaur!
Beogh accepts your kill.
No target in view!
HP restored.
You see here a +0 arbalest.
Things that are here:
a +1 arbalest of electrocution; a yaktaur corpse You open the large door.
There is a large open door here.
You open the door.
A yaktaur captain and an ironbound frostheart come into view.
The yaktaur captain shouts!
The ironbound frostheart shouts!
The yaktaur captain wields a +0 hand cannon.
The yaktaur captain shoots a bolt.
You block the bolt with an invisible shield... and reflect it back!
The bolt hits the yaktaur captain!!
You block the ironbound frostheart's attack.
The yaktaur captain unwields a +0 hand cannon.
The yaktaur captain hits you but does no damage.
There is an open door here.
You squash the yaktaur captain like an ant!!!
The yaktaur captain is severely wounded.
The ironbound frostheart touches you but does no damage.
The yaktaur captain hits you!
You pummel the yaktaur captain!!
You kill the yaktaur captain!
Beogh accepts your kill.
You block the ironbound frostheart's attack.
Your phantom mirror has recharged.
You barely miss the ironbound frostheart.
You pummel the ironbound frostheart!!
The ironbound frostheart is heavily wounded.
The ironbound frostheart calls freezing cold from the walls.
The frost grips you but does no damage. You resist.
You are encased in ice.
You completely miss the ironbound frostheart.
The ironbound frostheart is heavily wounded.
The ironbound frostheart touches you! The ironbound frostheart freezes you!
You resist.
You hit the ironbound frostheart.
The ironbound frostheart is heavily wounded.
You punch the ironbound frostheart!
The ironbound frostheart is severely wounded.
The ironbound frostheart touches you but does no damage.
Unknown command.
You pummel the ironbound frostheart!!
You kill the ironbound frostheart!
Beogh accepts your kill. The ice encasing you melts away.
Things that are here:
a +0 ring mail; a human corpse You see here a +0 hand cannon.
Things that are here:
a +0 ring mail; a human corpse You open the door.
There is an open door, spattered with blood here.
You now have 2086 gold pieces (gained 36).
i - 2 potions of lignification (gained 1)
There is an open door, spattered with blood here.
Things that are here:
a +0 ring mail; a human corpse
There is an open door, spattered with blood here.
You open the door.
There is an open door here.
H - a ring of see invisible You open the door.
Found a stone staircase leading up.
There is an open door here.
You open the large door.
Found a halberd.
There is a large open door here.
You open the door.
There is an open door here.
You open the door.
There is an open door here.
You open the door.
There is an open door here.
You open the door.
A slime creature comes into view.
The slime creature quivers.
You pummel the slime creature!!
The slime creature is moderately wounded.
The slime creature hits you but does no damage.
A slime creature comes into view.
You pulverise the slime creature!!!
You kill the slime creature!
Beogh accepts your kill.
You hear a shout!
Your Armour skill increases to level 12!
An ironbound frostheart and 3 slime creatures come into view.
The slime creature quivers. x2
Two slime creatures merge to form a large slime creature.
There is an open door here.
You pound the large slime creature into fine dust!!!
The large slime creature is moderately wounded.
A wizard opens the large door.
Found a scroll of amnesia, 7 stones, 11 gold pieces and a scroll of fear.
A slime creature, a great orb of eyes and an ironbound frostheart come into view.
You hit the large slime creature.
The large slime creature is moderately wounded.
The slime creature quivers.
The great orb of eyes turns its gaze towards you.
The ironbound frostheart shouts!
The slime creature hits you.
The ironbound frostheart calls freezing cold from the walls.
The frost grips you! You resist.
You are encased in ice.
You block the large slime creature's attack.
The slime creature attacks as it pursues you!
You block the slime creature's attack.
The ironbound frostheart touches you but does no damage.
The large slime creature attacks as it pursues you!
The large slime creature closely misses you.
Two slime creatures merge to form a large slime creature.
A wizard opens the large door.
You block the slime creature's attack.
The ironbound frostheart calls freezing cold from the walls.
The frost grips you. You resist.
The large slime creature attacks as it pursues you!
The large slime creature hits you but does no damage.
The ice encasing you melts away.
The slime creature attacks as it pursues you!
The slime creature hits you but does no damage.
You block the ironbound frostheart's attack.
A large slime creature splits.
You hit the ironbound frostheart.
The ironbound frostheart is lightly wounded.
The slime creature hits you but does no damage.
You block the ironbound frostheart's attack. x2
The wizard casts a spell.
The wizard flickers and vanishes for a moment.
Two slime creatures merge to form a large slime creature.
You hit the large slime creature.
The large slime creature is lightly wounded.
A large slime creature splits.
The ironbound frostheart barely misses you.
You block the great orb of eyes's attack.
You block the ironbound frostheart's attack.
You punch the large slime creature!
The large slime creature is moderately wounded.
You block the slime creature's attack.
You pulverise the large slime creature!!!
The large slime creature is heavily wounded.
Two slime creatures merge to form a very large slime creature.
You block the ironbound frostheart's attack.
The great orb of eyes misses you.
Two slime creatures merge to form an enormous slime creature.
You punch the enormous slime creature!
The enormous slime creature is moderately wounded.
The slime creature hits you but does no damage.
The ironbound frostheart touches you but does no damage.
The great orb of eyes gazes at you. You resist with almost no effort.
The wizard hits you but does no damage.
The ironbound frostheart barely misses you.
You pummel the enormous slime creature!!
The enormous slime creature is heavily wounded.
The slime creature barely misses you. The ironbound frostheart touches you.
The ironbound frostheart freezes you. You resist.
The great orb of eyes closely misses you.
You barely miss the enormous slime creature.
The enormous slime creature is heavily wounded.
You block the ironbound frostheart's attack.
You block the wizard's attack.
You pummel the enormous slime creature!!
The enormous slime creature is heavily wounded.
The slime creature barely misses you. The enormous slime creature misses you.
The ironbound frostheart touches you. The ironbound frostheart freezes you!
You resist. The great orb of eyes gazes at you.
You resist with almost no effort.
The ironbound frostheart touches you but does no damage.
You block the wizard's attack.
You punch the enormous slime creature!
The enormous slime creature is heavily wounded.
You block the slime creature's attack.
You block the ironbound frostheart's attack.
You block the enormous slime creature's attack.
The great orb of eyes bites you but does no damage.
You barely miss the enormous slime creature.
The enormous slime creature is heavily wounded.
The wizard casts a spell at you. You resist with almost no effort.
The ironbound frostheart touches you but does no damage.
Unknown command.
You pummel the enormous slime creature!!
The enormous slime creature is severely wounded.
The slime creature hits you. The enormous slime creature hits you!!
The great orb of eyes gazes at you. You resist with almost no effort.
You block the ironbound frostheart's attack.
The wizard hits you but does no damage.
The ironbound frostheart touches you but does no damage.
You pummel the enormous slime creature!!
The enormous slime creature is severely wounded.
You punch the enormous slime creature!
The enormous slime creature is almost dead.
You block the slime creature's attack.
You block the great orb of eyes's attack.
The enormous slime creature hits you!!!
You block the ironbound frostheart's attack. x2
The wizard closely misses you.
You pummel the enormous slime creature!!
The enormous slime creature is almost dead.
You block the slime creature's attack.
You block the enormous slime creature's attack.
You block the ironbound frostheart's attack.
The great orb of eyes gazes at you. You resist with almost no effort.
The wizard hits you with a +0 dagger.
* * * LOW HITPOINT WARNING * * *
The ironbound frostheart touches you.
* * * LOW HITPOINT WARNING * * *
The ironbound frostheart freezes you! You resist.
* * * LOW HITPOINT WARNING * * *
Unknown command.
You punch the enormous slime creature!
You kill the enormous slime creature!
Beogh accepts your kill.
Unknown command.
Okay, then.
You feel much better. You block the slime creature's attack.
The great orb of eyes bites you but does no damage.
The ironbound frostheart touches you but does no damage.
You block the wizard's attack.
You block the ironbound frostheart's attack.
You pummel the wizard!!
The wizard is severely wounded.
The slime creature barely misses you. The ironbound frostheart touches you!
The ironbound frostheart freezes you! You resist.
* * * LOW HITPOINT WARNING * * *
The great orb of eyes bites you!
* * * LOW HITPOINT WARNING * * *
The wizard mumbles some strange words.
The wizard blinks!
The ironbound frostheart touches you but does no damage.
You open the lid... ...and a mature fireweird beast leaps out!
The box is emptied!
The slime creature hits you but does no damage.
The ironbound frostheart barely misses you.
You block the great orb of eyes's attack.
You block the ironbound frostheart's attack.
You punch the wizard!
You kill the wizard!
Beogh accepts your kill. You block the slime creature's attack.
The ironbound frostheart touches you.
* * * LOW HITPOINT WARNING * * *
The ironbound frostheart freezes you! You resist.
* * * LOW HITPOINT WARNING * * *
The great orb of eyes bites you.
* * * LOW HITPOINT WARNING * * *
The ironbound frostheart touches you.
* * * LOW HITPOINT WARNING * * *
The ironbound frostheart freezes you! You resist.
* * * LOW HITPOINT WARNING * * *
You feel much better.
Your mature fireweird beast hits the ironbound frostheart!!
Your mature fireweird beast grabs the ironbound frostheart.
Your mature fireweird beast constricts the ironbound frostheart!
The slime creature hits you!
* * * LOW HITPOINT WARNING * * *
The ironbound frostheart touches you!
You die...

Skill      XL: |  1  2  3  4  5  6  7  8  9 10 11 12 13 14 15 16 17 18 19 20 |
---------------+-------------------------------------------------------------+-----
Fighting       | 4 5 6 7 8 9 10 11 12 13 14 15 16 | 16.5
Unarmed Combat | 4 5 6 7 8 10 11 12 13 14 15 17 18 19 21 22 | 22.6
Invocations    | 3 5 8 10 11 13 14 15 16 17 18 19 20 | 20.9
Armour         | 1 3 4 5 6 7 8 10 11 12 | 12.0
Shields        | 1 3 4 5 6 7 8 9 11 12 13 16 17 18 | 18.1
Evocations     | 1 3 4 6 7 8 10 12 13 | 13.5
Dodging        | 3 4 5 6 8 9 |  9.4
Shapeshifting  | 3 5 |  5.4

Action                     |  1- 3 |  4- 6 |  7- 9 | 10-12 | 13-15 | 16-18 | 19-21 || total
---------------------------+-------+-------+-------+-------+-------+-------+-------++-------
  Melee: Unarmed           |    69 |   167 |   354 |   484 |   890 |  1105 |   886 ||  3955
  Throw: Dart              |       |       |       |     7 |       |     3 |       ||    10
 Invoke: Convert to Beogh  |       |     1 |       |       |       |       |       ||     1
         Smiting           |       |       |     5 |    13 |    10 |    34 |    19 ||    81
         Recall Orcish Fol |       |       |       |     1 |    10 |    32 |    12 ||    55
         Stop Recall       |       |       |       |       |     6 |    13 |     6 ||    25
         Give Item to Name |       |       |       |       |       |     1 |       ||     1
  Evoke: Wand              |       |       |       |    17 |       |     7 |       ||    24
         Box of beasts     |       |       |       |       |       |       |     2 ||     2
         Phantom mirror    |       |       |       |       |       |       |     2 ||     2
    Use: Scroll            |       |       |     6 |     6 |    15 |     9 |       ||    36
         Potion            |       |       |       |     2 |     1 |     4 |     3 ||    10
   Stab: Distracted        |       |       |     3 |     3 |    13 |    19 |     2 ||    40
         Confused          |       |       |       |       |     1 |     4 |       ||     5
         Invisible         |       |       |       |       |       |       |     2 ||     2
 Armour: Robe              |     7 |       |       |       |       |       |       ||     7
         Ring mail         |    26 |    61 |   152 |    51 |       |       |       ||   290
         Leather armour    |       |       |    54 |       |       |       |       ||    54
         Plate armour      |       |       |       |   348 |  1038 |  1653 |   476 ||  3515
         Skin              |       |       |       |     1 |       |       |       ||     1
  Dodge: Dodged            |    25 |    48 |   141 |   118 |   306 |   536 |   214 ||  1388
         Repelled          |       |       |       |       |       |    22 |     7 ||    29
  Block: Orb               |     1 |    31 |    68 |    21 |       |       |       ||   121
         Reflection        |       |     1 |     1 |    12 |    52 |   104 |    57 ||   227
         Buckler           |       |       |       |   191 |   673 |   923 |     1 ||  1788
         Kite shield       |       |       |       |       |       |       |   637 ||   637

Levels and vault maps discovered:
D:1:      dpeg_arrival_circle_labyrinth_c, layout_basic,
          minmay_misc_feat_diagonals
D:2:      cheibrodos_old_hovel, layout_loops_corners, uniq_natasha,
          uniq_crazy_yiuf_cottage
D:3:      kennysheep_the_goblin_king, layout_rooms, gammafunk_ghost_necromancy,
          serial_bayou_pond_d, minmay_fractal_squares_5, uniq_ijyb
D:4:      layout_basic, mainiacjoe_overflow_alcove_2
D:5:      layout_loops_ring, nicolae_uskayaw_suspiria,
          minmay_temple_entry_junction_2, serial_shops, kennysheep_mini,
          kennysheep_big_empty_room, corexii_mini_fake_secret_closet,
          nicolae_wooded_promenade, uniq_blork_the_orc
D:6:      layout_loops_cross, marbit_many_paths, uniq_grinder, uniq_duvessa
D:7:      layout_layer_cave, nicolae_ossuary_entry_ruins, hex_tiny,
          nicolae_alphabet_shops, minmay_fractal_squares_diagonal_5, uniq_joseph
D:8:      layout_basic, nicolae_sif_muna_condensation,
          nicolae_overflow_crystal_walls, lemuel_crystal_altar,
          kennysheep_flooded_box, uniq_pikel
D:9:      layout_basic, special_room [special_room_bee], uniq_grum,
          uniq_gastronok
D:10:     layout_gridville, grunt_temple_overflow_forces_of_nature, zin_angel,
          amethyst_overflow_temple_binary, due_lair_maze_entry_diamond,
          serial_ice, serial_ice_j, serial_ice_a, serial_ice_d, serial_ice_m
D:11:     layout_cave_pods, orc_0_dummy, serial_shops, nicolae_diamond_shop,
          ebering_ghost_funeral_grove, minmay_increasing_density,
          uniq_josephine, uniq_lodul, uniq_maurice
D:12:     layout_long_grid, gauntlet_entry_generic, nicolae_wu_jian_wuxing_cycle
D:13:     layout_rooms, hellmonk_vaults_keyhole
D:14:     layout_loops_cross, okawaru_gym_becter, glass_columns_a,
          hellmonk_guarded_unrand_sphere_of_battle
D:15:     hangedman_depths_entry_try_elsewhere_first, layout_irregular_city,
          serial_shops, nicolae_shop_crystal, grunt_dithmenos_smoke_and_mirrors
Lair:1:   layout_regular_city, uniq_nergalle
Lair:2:   gammafunk_indiana_jones, layout_layer_cave, elwin_shoals_entry_rooms,
          beast_lair_carwin_5, uniq_harold
Lair:3:   layout_layer_cave, dummy_spider_entry, serial_bayou_shore_b,
          serial_bayou_shore_a, grunt_megastairs_3, uniq_amaemon
Lair:4:   cheibrodos_lair_overgrown_chateau, layout_cave_pods, slime_entry_1
Lair:5:   gammafunk_lair_ancient_temple, layout_gridlike
Shoals:1: layout_shoals
Shoals:2: layout_shoals
Shoals:3: layout_shoals, serial_shops, nicolae_shop_overgrown_old_shop
Shoals:4: shoals_end_grunt_ice, layout_shoals, serial_shops,
          bzr_entry_customers, uniq_louise, uniq_polyphemus
Spider:1: layout_spider_delve, nicolae_crawler_farm
Spider:2: layout_spider_delve, hangedman_spider_tarantella_strand, uniq_jorgrun
Spider:3: layout_spider_delve, nicolae_spider_paper_wasps
Spider:4: grunt_spider_rune_circles
Orc:1:    layout_caves
Orc:2:    st_orc_open, layout_diamond_mine, basic_altar
Elf:1:    nicolae_elf_arrival_aired_out, layout_loops_cross, minivault_28,
          grunt_ministairs_13, minmay_shop_grove
Elf:2:    nicolae_elf_blades_crystal_corner, layout_gridlike, serial_shops,
          shop, shop, kilobyte_rumbling_trees, uniq_donald
Elf:3:    nooodl_elf_gasket, layout_loops_corners, enter_trove_5
Vaults:1: nzn_ghost_randoct, v_misc_33, vaults_room_fancy_cross,
          vaults_room_pools, nicolae_vaults_tetromino_T_1,
          hangedman_vaults_maws, ontoclasm_vaults_decontamination,
          layout_vaults_chaotic_city, serial_shops, shop_statue, uniq_zenata,
          uniq_norris
Vaults:2: nicolae_vaults_bisected_exclaves, nicolae_vaults_three_branches,
          nicolae_vaults_little_squares_3, nicolae_vaults_hexular_roomagon,
          nicolae_vaults_storage_closets_2, nicolae_vaults_circle_grid_a,
          vaults_room_door_ring, layout_vaults_omnigrid, serial_shops,
          nicolae_shop_gibbet_a_chance, uniq_jory
Vaults:3: nicolae_vaults_little_squares_4, nicolae_vaults_sightless_eye,
          v_rooms_6, nicolae_vaults_border_crossing,
          nicolae_vaults_storage_room_statues,
          minmay_crypt_entry_simple_corners, vaults_room_large_hall,
          nicolae_vaults_octothorpe, nicolae_vaults_disjoint_gnomons,
          grunt_vaults_focal, nicolae_vaults_mini_display_case,
          nicolae_vaults_trapezoid_lopsided_1, vaults_mumra_hexcomb,
          nicolae_vaults_security_offices_2, ontoclasm_vaults_gateway,
          vaults_dpeg_cross, layout_vaults_maze_bifur

Notes
Turn   | Place    | Note
-------+----------+-------------------------------------------
     0 | D:1      | scionoferis the Hill Orc Monk began the quest for the Orb.
     0 | D:1      | Reached XP level 1. HP: 19/19 MP: 1/1
   424 | D:1      | Reached XP level 2. HP: 27/27 MP: 2/2
  1020 | D:2      | Found a runed translucent door.
  1021 | D:2      | Noticed Crazy Yiuf
  1059 | D:2      | Reached skill level 4 in Fighting
  1122 | D:2      | Noticed Natasha
  1133 | D:2      | Killed Natasha
  1134 | D:2      | Reached skill level 4 in Unarmed Combat
  1134 | D:2      | Reached XP level 3. HP: 24/33 MP: 3/3
  1428 | D:2      | Noticed Natasha
  1436 | D:2      | Killed Natasha
  1437 | D:2      | Reached XP level 4. HP: 41/41 MP: 4/4
  1513 | D:2      | Reached skill level 5 in Unarmed Combat
  1809 | D:2      | Noticed Natasha
  1819 | D:2      | Killed Natasha
  1820 | D:2      | Reached XP level 5. HP: 44/47 MP: 5/5
  2103 | D:3      | Reached skill level 5 in Fighting
  2155 | D:3      | Found a runed translucent gate.
  2155 | D:3      | Found a runed translucent gate.
  2155 | D:3      | Found a runed translucent gate.
  2205 | D:3      | Became a worshipper of Beogh the Brigand
  2205 | D:3      | Reached * piety under Beogh
  2205 | D:3      | Reached ** piety under Beogh
  2386 | D:3      | Reached skill level 6 in Unarmed Combat
  2582 | D:3      | Noticed Ijyb
  2604 | D:3      | Killed Ijyb
  2605 | D:3      | Reached XP level 6. HP: 53/56 MP: 6/6
  2685 | D:3      | Noticed randomguy2701's ghost (weakling GnWn)
  2753 | D:2      | Killed Crazy Yiuf
  2855 | D:3      | Killed randomguy2701's ghost
  2879 | D:3      | Reached skill level 6 in Fighting
  2879 | D:3      | Reached skill level 7 in Unarmed Combat
  2879 | D:3      | Reached XP level 7. HP: 63/63 MP: 7/7
  3017 | D:4      | Reached skill level 1 in Invocations
  3038 | D:4      | Found a bloodstained altar of Trog.
  3185 | D:4      | Reached *** piety under Beogh
  3323 | D:4      | Identified the ring "Ujitex" {rElec rC- rN+ EV+5 Stlth+}
  3527 | D:4      | Reached skill level 1 in Armour
  3683 | D:4      | Reached skill level 1 in Shields
  3683 | D:4      | Reached skill level 2 in Invocations
  3964 | D:5      | Entered Level 5 of the Dungeon
  4068 | D:5      | Noticed Blork the orc
  4262 | D:4      | Killed Blork the orc
  4291 | D:4      | Reached skill level 3 in Invocations
  4291 | D:4      | Reached XP level 8. HP: 59/71 MP: 10/10
  4359 | D:5      | Found Zoyff's Jewellery Shop.
  4368 | D:5      | Found Ciathrur's Book Shop.
  4504 | D:5      | Found a staircase to the Ecumenical Temple.
  4724 | D:5      | Reached skill level 2 in Armour
  4724 | D:5      | Reached skill level 8 in Unarmed Combat
  4728 | D:5      | Reached skill level 2 in Shields
  4913 | D:5      | Found a hide-covered altar of Uskayaw.
  5008 | D:5      | Found Riusorav's Antique Weapon Emporium.
  5182 | D:6      | Noticed Duvessa
  5184 | D:6      | Noticed Dowan
  5351 | D:5      | Reached skill level 4 in Invocations
  5372 | D:6      | Noticed Grinder
  5373 | D:6      | Reached skill level 7 in Fighting
  5374 | D:6      | Killed Dowan
  5375 | D:6      | Killed Grinder
  5376 | D:6      | Reached skill level 5 in Invocations
  5382 | D:6      | Killed Duvessa
  5383 | D:6      | Reached skill level 3 in Armour
  5384 | D:6      | Reached skill level 3 in Shields
  5565 | D:6      | Reached XP level 9. HP: 70/79 MP: 13/13
  5692 | D:6      | Reached skill level 9 in Unarmed Combat
  5726 | D:6      | Reached skill level 6 in Invocations
  6041 | D:6      | Found a shimmering altar of Xom.
  6444 | D:7      | Found a sand-covered staircase.
  6459 | D:7      | Noticed a hornet
  6462 | D:7      | Killed a hornet
  6463 | D:7      | Reached skill level 4 in Armour
  6468 | Ossuary  | Entered an ossuary
  6551 | Ossuary  | Reached **** piety under Beogh
  6738 | Ossuary  | Reached skill level 4 in Shields
  6745 | Ossuary  | Reached skill level 7 in Invocations
  6889 | Ossuary  | Reached skill level 8 in Fighting
  6956 | D:7      | Noticed Joseph
  6982 | D:7      | Killed Joseph
  7157 | D:7      | Reached skill level 10 in Unarmed Combat
  7164 | D:7      | Reached skill level 8 in Invocations
  7164 | D:7      | Reached XP level 10. HP: 13/89 MP: 11/16
  7169 | D:7      | Noticed a kobold demonologist
  7175 | D:7      | Killed a kobold demonologist
  7176 | D:7      | Noticed a kobold demonologist
  7178 | D:7      | Killed a kobold demonologist
  7179 | D:7      | Reached skill level 5 in Armour
  7179 | D:7      | Noticed a kobold demonologist
  7182 | D:7      | Killed a kobold demonologist
  7183 | D:7      | Reached skill level 5 in Shields
  7598 | D:7      | Found Dappyorph's Desiderata Depot.
  8447 | D:8      | Found an ornate altar of the Wu Jian Council.
  8480 | D:8      | Found a burning altar of Makhleb.
  8544 | D:8      | Noticed Pikel
  8553 | D:8      | Killed Pikel
  8554 | D:8      | Reached skill level 9 in Invocations
  8900 | D:8      | Found a shimmering blue altar of Sif Muna.
  8942 | D:8      | Reached skill level 9 in Fighting
  9407 | D:9      | Noticed Grum
  9412 | D:8      | Reached skill level 11 in Unarmed Combat
  9477 | D:9      | Identified the +13 plate armour of Bitterness {rElec Str-2
                  | Int-4 SInv}
  9488 | D:8      | Killed Grum
  9655 | D:9      | Reached skill level 1 in Evocations
  9655 | D:9      | Gained Harm as an ally
  9679 | D:8      | Your ally Harm died
 10012 | D:9      | Noticed Gastronok
 10026 | D:9      | Killed Gastronok
 10027 | D:9      | Reached skill level 3 in Dodging
 10027 | D:9      | Reached skill level 10 in Invocations
 10027 | D:9      | Reached XP level 11. HP: 85/97 MP: 18/18
 10195 | D:9      | Reached skill level 2 in Evocations
 10198 | D:9      | Identified the +1 robe of the Ecumenical Temple {Regen+}
 10658 | D:10     | Entered Level 10 of the Dungeon
 10755 | D:10     | Found a stormy altar of Qazlal.
 10912 | D:9      | Reached skill level 6 in Armour
 11078 | D:10     | Found a staircase to the Lair.
 11149 | D:9      | Reached skill level 6 in Shields
 11182 | D:10     | Reached skill level 11 in Invocations
 11185 | D:10     | Reached ***** piety under Beogh
 11353 | D:10     | Found a glowing silver altar of Zin.
 11353 | D:10     | Noticed an angel
 11533 | D:10     | Found a blossoming altar of Fedhas.
 11596 | D:10     | Noticed a two-headed ogre
 11603 | D:10     | Killed a two-headed ogre
 11604 | D:10     | Reached skill level 12 in Unarmed Combat
 11604 | D:10     | Reached skill level 3 in Evocations
 11863 | D:10     | Found a sparkling altar of Nemelex Xobeh.
 11863 | D:10     | Found a hazy altar of Hepliaklqana.
 12064 | D:10     | Reached skill level 10 in Fighting
 12106 | D:11     | Noticed a two-headed ogre
 12128 | D:10     | Killed a two-headed ogre
 12212 | D:11     | Noticed a boulder beetle
 12233 | D:10     | Killed a boulder beetle
 12234 | D:10     | Reached skill level 4 in Dodging
 12234 | D:10     | Reached XP level 12. HP: 94/106 MP: 20/20
 12410 | D:11     | Noticed Maurice
 12415 | D:11     | Maurice stole the ring "Ujitex" {rElec rC- rN+ EV+5 Stlth+}
 12420 | D:11     | Maurice stole an orb of light
 12466 | D:11     | Killed Maurice
 12502 | D:11     | Found a staircase to the Orcish Mines.
 12562 | D:11     | Found Wiprell's Jewellery Shop.
 12631 | D:11     | Noticed Lodul
 12635 | D:11     | Killed Lodul
 12637 | D:11     | Noticed Josephine
 12645 | D:11     | Killed Josephine
 12649 | D:11     | Reached skill level 12 in Invocations
 12819 | D:11     | Found a runed translucent door.
 12821 | D:11     | Noticed Kurtz's ghost (journeyman OpFi)
 12821 | D:11     | Identified the +1 trident of a volcano {drain, rPois rC++
                  | rN+}
 12872 | D:11     | Noticed a tengu warrior
 12911 | D:11     | Reached skill level 4 in Evocations
 13039 | D:11     | Noticed a two-headed ogre
 13046 | D:11     | Reached skill level 7 in Armour
 13047 | D:11     | Killed a two-headed ogre
 13063 | D:11     | Reached skill level 7 in Shields
 13668 | D:11     | Killed Kurtz's ghost
 13679 | D:11     | Gained Bogdar as an ally
 13975 | D:12     | Reached skill level 13 in Unarmed Combat
 13975 | D:12     | Noticed a boulder beetle
 13984 | D:12     | Killed a boulder beetle
 14077 | D:12     | Found a gate leading to a gauntlet.
 14099 | Gauntlet | Entered a Gauntlet
 14099 | Gauntlet | Noticed a catoblepas
 14099 | Gauntlet | Found a large runed translucent door.
 14099 | Gauntlet | Found a large runed translucent door.
 14099 | Gauntlet | Found a large runed translucent door.
 14099 | Gauntlet | Found a large runed translucent door.
 14099 | Gauntlet | Found a runed translucent door.
 14099 | Gauntlet | Found a large runed translucent door.
 14099 | Gauntlet | Found a large runed translucent door.
 14099 | Gauntlet | Found a transporter.
 14099 | Gauntlet | Found a transporter.
 14099 | Gauntlet | Found a large runed translucent door.
 14099 | Gauntlet | Found a large runed translucent door.
 14099 | Gauntlet | Found a runed translucent gate.
 14099 | Gauntlet | Found a runed translucent gate.
 14099 | Gauntlet | Found a transporter.
 14099 | Gauntlet | Found a transporter.
 14103 | Gauntlet | Found a transporter.
 14115 | Gauntlet | Found a transporter.
 14136 | Gauntlet | Found a transporter.
 14138 | Gauntlet | Found a transporter.
 14159 | Gauntlet | Found a transporter.
 14163 | Gauntlet | Noticed a catoblepas
 14180 | Gauntlet | Found a transporter.
 14186 | Gauntlet | Found a transporter.
 14206 | Gauntlet | Found a transporter.
 14228 | Gauntlet | Found a runed translucent door.
 14229 | Gauntlet | Found a large runed translucent door.
 14229 | Gauntlet | Found a large runed translucent door.
 14229 | Gauntlet | Found a large runed translucent door.
 14229 | Gauntlet | Found a large runed translucent door.
 14230 | Gauntlet | Found a large runed translucent door.
 14231 | Gauntlet | Found a large runed translucent door.
 14238 | Gauntlet | Found a large runed translucent door.
 14238 | Gauntlet | Found a large runed translucent door.
 14240 | Gauntlet | Found a runed translucent gate.
 14417 | Gauntlet | Killed a catoblepas
 14652 | Gauntlet | Killed a catoblepas
 14653 | Gauntlet | Reached skill level 13 in Invocations
 14674 | Gauntlet | Identified the ring of Nouf {Will++ rCorr}
 14771 | Gauntlet | Reached XP level 13. HP: 98/115 MP: 22/22
 14871 | Gauntlet | Noticed a minotaur
 14888 | Gauntlet | Killed a minotaur
 14889 | Gauntlet | Reached skill level 11 in Fighting
 14889 | Gauntlet | Reached skill level 5 in Dodging
 14889 | Gauntlet | Reached skill level 5 in Evocations
 15336 | D:12     | Got a humming book
 15460 | D:12     | Found an ornate altar of the Wu Jian Council.
 15832 | Lair:1   | Entered Level 1 of the Lair of Beasts
 16089 | D:10     | Reached skill level 8 in Armour
 16207 | Lair:1   | Reached skill level 8 in Shields
 16212 | Lair:1   | Gained Harm as an ally
 16216 | Lair:1   | Noticed Nergalle
 16225 | Lair:1   | Your ally Nergalle died
 16559 | Lair:1   | Reached skill level 14 in Invocations
 17303 | Lair:2   | Reached skill level 14 in Unarmed Combat
 17588 | Lair:2   | Noticed Harold
 17597 | Lair:2   | Killed Harold
 18037 | Lair:2   | Found a staircase to the Shoals.
 18182 | Lair:2   | Found a runed translucent door.
 18199 | Lair:2   | Found a runed translucent gate.
 18199 | Lair:2   | Found a runed translucent gate.
 18199 | Lair:2   | Found a runed translucent gate.
 18199 | Lair:2   | Found a runed translucent gate.
 18199 | Lair:2   | Found a runed translucent gate.
 18199 | Lair:2   | Found a runed translucent gate.
 18247 | Lair:2   | Gained Boghold as an ally
 18251 | Lair:2   | Reached skill level 6 in Evocations
 18379 | Lair:2   | Reached ****** piety under Beogh
 18921 | Lair:3   | Identified the +5 war axe of Ashenzari, Hurtling {flame,
                  | Str+3 Int+2}
 19431 | Lair:3   | Noticed Amaemon
 19432 | Lair:3   | Found a hole to the Spider Nest.
 19441 | Lair:3   | Killed Amaemon
 19442 | Lair:3   | Reached XP level 14. HP: 125/125 MP: 24/24
 20030 | Lair:3   | Gained Olfrun as an ally
 20064 | Lair:3   | Reached skill level 12 in Fighting
 20194 | Lair:3   | Reached skill level 9 in Armour
 20319 | Lair:4   | Reached skill level 9 in Shields
 20702 | Lair:4   | Found a viscous altar of Jiyva.
 20703 | Lair:4   | Found a staircase to the Slime Pits.
 21302 | Lair:5   | Entered Level 5 of the Lair of Beasts
 21536 | Lair:4   | Reached skill level 15 in Unarmed Combat
 22195 | Lair:5   | Reached skill level 15 in Invocations
 22295 | Lair:5   | Identified the +1 trident of Yesterday {heavy, Int+3}
 23036 | Orc:1    | Entered Level 1 of the Orcish Mines
 23036 | Orc:1    | Noticed an orc warlord
 23041 | Orc:1    | Killed an orc warlord
 23205 | Orc:1    | Reached skill level 7 in Evocations
 23273 | Orc:1    | Noticed an orc warlord
 23276 | Orc:1    | Gained Bogwik as an ally
 23815 | Orc:2    | Entered Level 2 of the Orcish Mines
 23913 | Orc:2    | Found a staircase to the Elven Halls.
 24111 | Orc:2    | Found a roughly hewn altar of Beogh.
 24348 | Orc:1    | Reached skill level 10 in Armour
 24700 | Orc:1    | Gained Marbaugh as an ally
 24702 | Orc:1    | Reached XP level 15. HP: 134/134 MP: 26/26
 25197 | Orc:2    | Found Hidianec's Magic Scroll Boutique.
 25198 | Orc:2    | Found Ysuf's Antique Weapon Boutique.
 25230 | Orc:1    | Reached skill level 10 in Shields
 25399 | Orc:2    | Found Ocennog's Antique Weapon Shoppe.
 25492 | Orc:1    | Reached skill level 13 in Fighting
 25920 | Orc:2    | Bought a scroll of amnesia for 60 gold pieces
 25920 | Orc:2    | Bought a scroll of identify for 30 gold pieces
 25920 | Orc:2    | Bought a scroll of identify for 30 gold pieces
 25923 | Orc:2    | Found Iteddeen's Magic Scroll Shop.
 25931 | Orc:2    | Bought a scroll of enchant armour for 127 gold pieces
 26139 | Orc:2    | Identified a scroll of acquirement
 26447 | D:12     | Reached skill level 16 in Unarmed Combat
 27159 | D:13     | Found a gate to the Vaults.
 27845 | D:13     | Identified a potion of resistance
 28606 | D:14     | Noticed a tengu reaver
 28606 | D:14     | Found the sphere of Battle
 28620 | D:14     | Killed a tengu reaver
 28621 | D:14     | Reached skill level 8 in Evocations
 28798 | D:14     | Found an iron altar of Okawaru.
 28957 | D:15     | Entered Level 15 of the Dungeon
 29431 | D:15     | Found Inehydgh's Antique Weapon Shop.
 29558 | D:15     | Identified the +0 robe "Afid" {rC+ rN+ SInv}
 29816 | D:15     | Found a staircase to the Depths.
 29911 | D:15     | Reached skill level 16 in Invocations
 29912 | D:15     | Gained Bogbarth as an ally
 30359 | D:15     | Found a shadowy altar of Dithmenos.
 30857 | D:15     | Acquired the ring "Zirr" {rF+ Will+ Dex+4}
 31046 | D:5      | Bought a manual of Evocations for 800 gold pieces
 31420 | Spider:1 | Entered Level 1 of the Spider Nest
 31441 | Lair:3   | Reached skill level 11 in Shields
 31447 | Lair:3   | Reached skill level 17 in Unarmed Combat
 31864 | Spider:1 | Reached XP level 16. HP: 111/145 MP: 28/28
 31872 | Spider:1 | Gained Ortolf as an ally
 32162 | Spider:1 | Reached skill level 14 in Fighting
 32179 | Spider:1 | HP: 8/146 [demonic crawler (10)]
 32542 | Lair:3   | Reached skill level 9 in Evocations
 33362 | Spider:1 | Identified the +9 war axe of Satall {protect, Will++}
 33516 | Spider:2 | Noticed Jorgrun
 33522 | Spider:2 | Killed Jorgrun
 34488 | Spider:2 | Gained Bolgrim as an ally
 35995 | Spider:3 | Reached skill level 10 in Evocations
 36381 | Spider:3 | Reached skill level 18 in Unarmed Combat
 37190 | Spider:4 | Entered Level 4 of the Spider Nest
 38012 | Spider:3 | Reached skill level 17 in Invocations
 38291 | Spider:3 | Reached skill level 12 in Shields
 39454 | Spider:3 | Reached XP level 17. HP: 118/154 MP: 29/29
 39821 | Spider:3 | Reached skill level 15 in Fighting
 39821 | Spider:3 | Reached skill level 11 in Evocations
 40306 | Spider:4 | Got a gossamer rune of Zot
 40323 | Spider:4 | Identified the +2 pair of boots of Ciuc {rPois rC+ Str+4}
 40699 | Shoals:1 | Entered Level 1 of the Shoals
 41905 | Shoals:1 | Gained Alork as an ally
 44551 | Shoals:3 | Found Menwux's Antique Weapon Shop.
 44815 | Shoals:3 | Reached skill level 12 in Evocations
 45838 | Shoals:4 | Entered Level 4 of the Shoals
 45848 | Shoals:4 | Noticed Polyphemus
 45866 | Shoals:3 | Reached skill level 6 in Dodging
 45868 | Shoals:3 | Killed Polyphemus
 45897 | Shoals:4 | Reached skill level 19 in Unarmed Combat
 45926 | Shoals:4 | Found a flickering gateway to a bazaar.
 45928 | Shoals:4 | Noticed Louise
 45932 | Shoals:4 | Killed Louise
 45933 | Shoals:4 | Reached skill level 18 in Invocations
 45940 | Shoals:4 | Reached skill level 13 in Shields
 45958 | Bazaar   | Entered a bazaar
 46259 | Bazaar   | Found Yllia's Weapon Emporium.
 46283 | Bazaar   | Found Gebuh's Antique Armour Shop.
 46320 | Bazaar   | Found Doafiag's Book Emporium.
 46351 | Bazaar   | Bought a book of Cantrips for 132 gold pieces
 46392 | Shoals:4 | Gained Morguth as an ally
 47315 | Shoals:4 | Got a barnacled rune of Zot
 47408 | Shoals:4 | Gained Morguth as an ally
 47509 | Shoals:4 | Identified the +3 morningstar of Vengeance {heavy, rPois
                  | rCorr SInv}
 47569 | Shoals:4 | Identified the +6 war axe "Ismeacue" {freeze, rElec Dex+4}
 47744 | Shoals:4 | Identified the staff "Ritousy" {Contam rElec Stlth+ Conj}
 49065 | Elf:1    | Entered Level 1 of the Elven Halls
 49069 | Elf:1    | Paralysed by an air elemental for 1 turns
 49106 | Orc:2    | Reached XP level 18. HP: 163/163 MP: 31/31
 49523 | Elf:1    | Reached skill level 14 in Shields
 49526 | Elf:1    | Reached skill level 7 in Dodging
 50322 | Elf:1    | Found Rycikh's Book Shoppe.
 50323 | Elf:1    | Found Vuczeaja's Jewellery Boutique.
 50324 | Elf:1    | Found Ehai's Book Shoppe.
 51052 | Elf:2    | Found Nuasua's Antique Armour Shoppe.
 51141 | Elf:1    | Reached skill level 20 in Unarmed Combat
 51191 | Elf:2    | Bought a runed helmet for 240 gold pieces
 51194 | Elf:2    | Bought a glowing scarf for 256 gold pieces
 51248 | Elf:2    | Found a runed translucent gate.
 51248 | Elf:2    | Found a runed translucent gate.
 51248 | Elf:2    | Found a runed translucent gate.
 51253 | Elf:2    | Noticed a deep elf blademaster
 51253 | Elf:2    | Noticed Donald
 51603 | Elf:2    | Reached skill level 19 in Invocations
 52513 | Elf:2    | Found Deviyf's Book Shoppe.
 52605 | Elf:1    | Reached skill level 15 in Shields
 53551 | Elf:3    | Entered Level 3 of the Elven Halls
 54144 | Elf:3    | Reached skill level 8 in Dodging
 54170 | Elf:3    | Found a portal to a secret trove of treasure.
 54218 | Elf:3    | Gained Ugbert as an ally
 55217 | Elf:3    | Noticed a deep elf blademaster
 55236 | Elf:2    | Killed a deep elf blademaster
 55237 | Elf:2    | Reached skill level 16 in Shields
 55343 | Elf:2    | Reached skill level 21 in Unarmed Combat
 55885 | Elf:3    | Identified the +0 acid dragon scales "Taef" {-Cast +Inv
                  | rN+++ rCorr Slay+3}
 55885 | Elf:3    | Noticed a deep elf blademaster
 55901 | Elf:2    | Killed a deep elf blademaster
 56110 | Elf:2    | Reached XP level 19. HP: 167/168 MP: 32/32
 56478 | Elf:3    | Identified the ring of the Suburbs {rF+ Str+2 Int+3}
 57491 | Elf:3    | Identified the +11 falchion of Quantum Leap {flame, +Blink
                  | rN++}
 57672 | Elf:2    | Reached skill level 20 in Invocations
 57902 | Elf:2    | Gained Orkwin as an ally
 58228 | Elf:3    | Identified the +3 scimitar of the Enemy {vamp, rN+ Str-4
                  | Dex+6}
 58684 | Elf:3    | Identified the staff "Bein Xarr" {rElec rPois Air}
 59096 | Elf:3    | Reached skill level 17 in Shields
 59313 | Elf:3    | Got a leatherbound book
 59329 | Elf:3    | Identified the staff of the Blessed Realm {rPois rN+
                  | Poison}
 59383 | Elf:3    | Identified the +2 orcbow of Etuzok {heavy, rElec}
 60025 | Elf:2    | Reached skill level 1 in Shapeshifting
 60028 | Elf:2    | Reached skill level 11 in Armour
 60099 | Elf:2    | Gained Gorbash as an ally
 60099 | Elf:2    | Killed Donald
 60131 | Elf:2    | Your ally Gorbash died
 60275 | Elf:2    | Reached skill level 2 in Shapeshifting
 60854 | D:7      | Bought a manual of Dodging for 960 gold pieces
 61014 | Vaults:1 | Entered Level 1 of the Vaults
 61240 | Vaults:1 | Found a transporter.
 61240 | Vaults:1 | Found a transporter.
 61244 | Vaults:1 | Noticed Harhicoo's ghost (adept MiBe)
 61245 | Vaults:1 | Noticed a dread lich
 61362 | Vaults:1 | Reached skill level 22 in Unarmed Combat
 61578 | Vaults:1 | Noticed Zenata
 61610 | Vaults:1 | Killed Zenata
 61611 | Vaults:1 | Reached skill level 3 in Shapeshifting
 61717 | Vaults:1 | Reached skill level 16 in Fighting
 61733 | Vaults:1 | Found Urasu's Jewellery Boutique.
 61747 | Vaults:1 | Killed a dread lich
 61776 | Vaults:1 | Reached XP level 20. HP: 153/180 MP: 28/34
 62076 | Vaults:1 | Noticed Norris
 62086 | Vaults:1 | Killed Norris
 62107 | Vaults:1 | Reached skill level 4 in Shapeshifting
 62585 | Vaults:2 | Reached skill level 13 in Evocations
 62636 | Vaults:2 | Found Locli's Distillery.
 62652 | Vaults:2 | Noticed Jory
 62667 | Vaults:2 | Killed Jory
 63081 | Vaults:2 | Reached skill level 9 in Dodging
 63081 | Vaults:2 | Reached skill level 18 in Shields
 63671 | Vaults:2 | Reached skill level 5 in Shapeshifting
 64686 | Vaults:3 | Reached skill level 12 in Armour
 64711 | Vaults:3 | HP: 18/182 [ironbound frostheart (6)]
 64711 | Vaults:3 | HP: 6/182 [ironbound frostheart (12)]
 64712 | Vaults:3 | Slain by an ironbound frostheart

Vanquished Creatures
  A dread lich (Vaults:1)
  Jory (Vaults:2)
  Norris (Vaults:1)
  Zenata (Vaults:1)
  Jorgrun (Spider:2)
  A lich (Vaults:1)
  4 deep elf blademasters (Elf:2)
  2 deep elf master archers (Elf:2 Elf:3)
  Polyphemus (Shoals:3)
  A frost giant (Shoals:4)
  2 vault wardens (Vaults:1 Vaults:2)
  4 deep elf sorcerers (Elf:2)
  An orc warlord (Orc:1)
  Louise (Shoals:4)
  2 ghost moths (Spider:3)
  7 ironbound preservers (Vaults:1 Vaults:2)
  A formless jellyfish (Shoals:4)
  3 deep elf elementalists (Elf:2)
  5 ironbound thunderhulks (Vaults:1 Vaults:2)
  10 deep elf annihilators (Elf:2 Elf:3)
  4 deep elf demonologists (Elf:1 Elf:3 Elf:2)
  A minotaur (Gauntlet)
  A spark wasp (Spider:3)
  4 dire elephants (Vaults:1 Vaults:2)
  2 merfolk impalers (Shoals:2 Shoals:4)
  3 entropy weavers (Spider:3 Vaults:2)
  10 deep elf death magi (Elf:2 Elf:3)
  Josephine (D:11)
  A great orb of eyes (Vaults:1)
  5 yaktaur captains (Vaults:1 Vaults:3)
  5 merfolk javelineers (Shoals:4)
  5 deep elf high priests (Elf:2)
  A fire dragon (D:13)
  4 vault guards (Elf:3 Vaults:1)
  A catoblepas (Gauntlet)
  A hydra (D:15)
  A jorogumo (Lair:3)
  3 ironbound frosthearts (Vaults:1 Vaults:3)
  2 alligator snapping turtles (Shoals:2 Shoals:3)
  2 merfolk aquamancers (Shoals:3 Shoals:4)
  2 peacekeepers (Vaults:2)
  A merfolk avatar (Shoals:3)
  3 two-headed ogres (D:11 D:12 D:13)
  A satyr (Shoals:2)
  A radroach (Spider:1)
  3 boulder beetles (Lair:2 Spider:2 Vaults:2)
  11 centaur warriors (D:12 Shoals:1 Vaults:1)
  3 death yaks (Lair:4 Shoals:3)
  20 dancing weapons (Elf:1 Elf:2 Elf:3)
  6 demonic crawlers (Spider:1 Lair:3 Spider:3)
  13 deep elf knights (Elf:1 Elf:2 Elf:3)
  4 skysharks (Vaults:1)
  A pharaoh ant (Spider:2)
  25 deep trolls (Vaults:1 Vaults:2)
  Lodul (D:11)
  A sea snake (Shoals:4)
  4 steelbarb worms (Spider:1 Spider:3)
  4 wizards (Vaults:2 Vaults:3)
  Pikel (D:8)
  3 ironbound convokers (Vaults:1 Vaults:2 Vaults:3)
  A lindwurm (Lair:2)
  7 orb spiders (Spider:2 Spider:3 Spider:4)
  14 deep elf zephyrmancers (Orc:2 Elf:1 Elf:2 Elf:3)
  7 deep elf archers (Orc:2 Elf:1 Elf:2 Elf:3)
  12 deep elf pyromancers (Elf:1 Elf:2 Elf:3)
  6 harpies (Lair:2 Shoals:1 Shoals:4)
  2 orc sorcerers (Elf:2 Elf:3)
  12 ugly things (D:13 D:14 D:15 Vaults:2)
  3 fauns (Shoals:2 Shoals:3)
  6 wolf spiders (Spider:1 Spider:2 Spider:3)
  7 manticores (D:12 Shoals:1 Shoals:3 Shoals:4)
  2 moths of wrath (Gauntlet Spider:2)
  6 cyclopes (Orc:1 D:14 Shoals:1 Shoals:2)
  A salamander (D:14)
  5 elephants (Lair:3)
  7 black mambas (D:10 Lair:3 Lair:5)
  A water nymph (Shoals:2)
  4 vault sentinels (Vaults:1 Vaults:2)
  9 merfolk sirens (Lair:2 Shoals:1 Shoals:2 Shoals:3 Shoals:4)
  A smoke demon (Gauntlet)
  4 cane toads (D:10 Lair:1 Lair:4)
  2 gargoyles (Gauntlet)
  4 kobold demonologists (D:7 D:12)
  An efreet (D:14)
  A rime drake (Lair:5)
  A freezing wraith (D:15)
  14 yaktaurs (Vaults:1 Vaults:2 Vaults:3)
  2 komodo dragons (Lair:5 D:13)
  An unseen horror (shapeshifter) (D:12)
  A minotaur zombie (Gauntlet)
  2 tengu conjurers (D:14)
  A queen bee (D:9)
  A red devil (Gauntlet)
  3 trolls (D:12 Orc:1)
  10 merfolk (Lair:2 D:15 Shoals:1 Shoals:2 Shoals:3)
  4 polar bears (D:10 Lair:5 Elf:1)
  3 hornets (D:7 D:11 Lair:4)
  2 wind drakes (Shoals:2 Shoals:4)
  Grinder (D:6)
  7 tarantellas (Lair:2 Spider:1 Spider:3)
  5 dream sheep (Lair:2 Shoals:1 Shoals:2)
  4 blink frogs (D:10 Lair:2)
  18 slime creatures (D:12 Vaults:1 Vaults:2 Vaults:3)
  5 culicivoras (Spider:1 Spider:3)
  4 jumping spiders (Lair:3 Spider:1 Spider:3)
  3 spriggans (D:11)
  3 wraiths (D:11)
  4 water elementals (Shoals:1 Shoals:3 Elf:3)
  11 yaks (D:9 D:10 Lair:3 Lair:4)
  A shadow (D:11)
  A vampire (D:11)
  A basilisk (Lair:2)
  2 steam dragons (Lair:5)
  3 fire elementals (Elf:3 Elf:2)
  2 humans (D:12)
  6 vampire mosquitoes (D:7 D:10 D:12)
  11 redbacks (Lair:2 Spider:1 Spider:2 Spider:3 Vaults:2)
  5 water moccasins (D:7 Lair:2 Lair:3 Lair:4)
  An acid dragon (D:11)
  3 orc warriors (Orc:1)
  2 sky beasts (D:7 D:8)
  2 ice beasts (D:10)
  7 wolves (D:8 D:11 Gauntlet)
  A boggart (Vaults:1)
  9 centaurs (D:7 D:9 D:12 D:13 D:15)
  10 ogres (D:6 D:7 D:11 Orc:2 Orc:1)
  2 lemures (D:8)
  2 elf zombies (Ossuary)
  3 bullfrogs (D:8 D:9)
  A kobold brigand (D:12)
  An earth elemental (Elf:1)
  6 scorpions (D:5 D:6 D:9)
  A gnoll sergeant (D:9)
  A water moccasin zombie (D:3)
  3 wights (D:9)
  The ghost of randomguy2701 the Blocker, a weakling GnWn (D:3)
  28 killer bees (D:8 D:9 D:10)
  2 electric eels (D:10)
  2 howler monkeys (D:7 D:10)
  4 crimson imps (Gauntlet)
  2 bullfrog zombies (D:3)
  4 centaur zombies (Ossuary)
  3 lava snakes (Lair:2)
  2 bullfrog skeletons (D:3)
  2 jellies (D:5 D:7)
  A gnoll bouda (D:6)
  9 orc priests (D:3 D:4 D:5 Orc:1 Orc:2)
  Crazy Yiuf (D:2)
  2 hounds (D:4)
  2 iguanas (D:4 D:6)
  2 sleepcaps (D:4 D:7)
  Ijyb (D:3)
  8 orc wizards (D:4 D:6 D:7 D:10 Orc:2)
  Natasha (thrice) (D:2)
  A hell rat (Lair:2)
  A centaur simulacrum (D:10)
  A hound zombie (Ossuary)
  3 mummies (Ossuary)
  12 gnolls (D:3 D:4 D:6 D:8 D:9)
  9 adders (D:2 D:3 D:4 D:5 D:6)
  2 shadow imps (D:6)
  3 white imps (D:5 D:6 D:9)
  3 ufetubi (D:5 D:7 D:10)
  4 adder zombies (Ossuary)
  11 orcs (D:3 D:4 D:5)
  8 ball pythons (D:1 D:2 D:3 D:4)
  5 endoplasms (D:1 D:2 D:4)
  A giant cockroach (D:3)
  12 goblins (D:1 D:2 D:3)
  6 hobgoblins (D:2 D:3 D:4)
  8 jackals (D:3 D:4)
  15 kobolds (D:1 D:2 D:3 D:7 D:8)
  2 quokkas (D:3 D:4)
  3 bats (D:1 D:2 D:3)
  6 frilled lizards (D:1 D:2 D:3)
  A gnoll zombie (Ossuary)
  3 goblin zombies (Ossuary)
  A hobgoblin zombie (Ossuary)
  6 jackal zombies (Ossuary)
  2 kobold zombies (Ossuary)
  3 orc zombies (Ossuary)
  5 rats (D:2 D:3)
  4 rat zombies (Ossuary)
757 creatures vanquished.

Vanquished Creatures (collateral kills)
  A deep elf blademaster (Elf:2)
  Gastronok (D:9)
  A tengu reaver (D:14)
  Donald (Elf:2)
  3 deep elf sorcerers (Elf:2)
  8 emperor scorpions (Spider:1 Spider:2 Spider:3)
  A deep elf elementalist (Elf:2)
  A broodmother (Spider:3)
  A formless jellyfish (Shoals:4)
  An ironbound thunderhulk (D:12)
  3 deep elf annihilators (Elf:1 Elf:2)
  2 spark wasps (Spider:3)
  3 deep elf death magi (Elf:1 Elf:2)
  A merfolk javelineer (Shoals:4)
  3 merfolk impalers (Shoals:3 Shoals:4)
  2 entropy weavers (Spider:3)
  2 vault guards (Elf:3)
  Harold (Lair:2)
  2 ogre magi (Orc:1)
  8 boulder beetles (D:10 D:12 Lair:2 D:13 D:15)
  5 hydras (Lair:4 D:13)
  2 alligator snapping turtles (Shoals:4)
  A jorogumo (Spider:3)
  An anaconda (Lair:4)
  3 catoblepae (Gauntlet D:12 Shoals:3)
  3 radroaches (Spider:2 Spider:3)
  The ghost of Kurtz the Cleaver, a journeyman OpFi of Okawaru (D:11)
  2 merfolk avatars (Lair:5 Shoals:4)
  3 centaur warriors (D:12 D:15)
  11 two-headed ogres (D:10 D:11 Orc:1)
  10 dancing weapons (Elf:1 Elf:2)
  10 death yaks (Lair:4 Lair:5 Shoals:4 Shoals:3)
  A tengu warrior (D:12)
  2 deep elf knights (Orc:2 Elf:2)
  7 demonic crawlers (Spider:1 Lair:3 Spider:3)
  Amaemon (Lair:3)
  4 pharaoh ants (Spider:1 Spider:3)
  4 skysharks (Lair:4 Shoals:2 Shoals:3)
  7 sea snakes (Lair:5 Lair:2 Shoals:2 Shoals:4)
  2 deep trolls (Orc:1)
  2 sun moths (Lair:3 Spider:1)
  A death drake (shapeshifter) (D:15)
  A spriggan druid (Elf:1)
  6 deep elf archers (Elf:1)
  3 steelbarb worms (Spider:2 Spider:3)
  An orc knight (Orc:1)
  4 harpies (Lair:2 Shoals:4)
  An ironbound convoker (Vaults:2)
  15 deep elf pyromancers (Orc:2 Elf:1 Elf:2)
  15 deep elf zephyrmancers (Elf:1 Elf:3 Elf:2)
  15 wolf spiders (D:14 Lair:3 Spider:1 Spider:2 Spider:3)
  6 cyclopes (D:12 Orc:1 D:14 D:15 Lair:2)
  7 manticores (D:11 Lair:5 D:15 Shoals:3 Shoals:4)
  17 ugly things (D:11 D:13 D:14 D:15)
  6 elephants (Lair:1 Lair:5)
  2 moths of wrath (Spider:1 Spider:3)
  4 fauns (Shoals:2 Shoals:3)
  4 merfolk sirens (Lair:2 Shoals:2 Shoals:3 Shoals:4)
  Maurice (D:11)
  4 water nymphs (Shoals:1 Shoals:4)
  Joseph (D:7)
  A gargoyle (D:11)
  6 black mambas (D:10 Lair:4 Lair:5)
  5 torpor snails (Lair:2 Lair:3 Spider:3)
  10 cane toads (D:10 Lair:1 Lair:2 Lair:3 Lair:4)
  An orange demon (Lair:3)
  3 rime drakes (Lair:4 Lair:5)
  3 komodo dragons (Lair:3)
  2 tengu conjurers (D:13)
  9 merfolk (Shoals:1 Shoals:2 Shoals:4)
  13 trolls (D:11 D:12 Orc:1)
  3 hornets (Lair:4 Lair:5)
  4 wind drakes (Shoals:1 Shoals:2 Shoals:4)
  3 polar bears (D:10 Lair:5)
  3 meliai (Spider:2)
  A blink frog (shapeshifter) (Elf:3)
  A tarantella (shapeshifter) (Elf:1)
  15 tarantellas (Lair:3 Spider:1 Spider:2 Spider:3)
  4 snapping turtles (Shoals:1 Shoals:2)
  12 blink frogs (D:10 Lair:1 Lair:2)
  6 dream sheep (Lair:2 Shoals:1 Shoals:2)
  A jumping spider (shapeshifter) (D:13)
  4 slime creatures (D:12 D:14)
  2 air elementals (Orc:2)
  2 centaur simulacra (D:10)
  48 yaks (D:9 D:10 Lair:1 Lair:2 Lair:3)
  12 culicivoras (Spider:1 Spider:2 Spider:3)
  4 wraiths (D:10 D:11)
  27 jumping spiders (Lair:3 Spider:1 Spider:2 Spider:3)
  A wyvern (D:9)
  Grum (D:8)
  A spriggan (D:11)
  A fire elemental (Elf:3)
  3 basilisks (D:10 Lair:4)
  4 water elementals (Shoals:3 Elf:1 Elf:2)
  2 humans (D:12)
  3 steam dragons (D:8 Lair:5)
  42 redbacks (Lair:2 Lair:3 Spider:1 Spider:2 Spider:3)
  4 vampire mosquitoes (D:10 D:12)
  3 wargs (D:11 Orc:1)
  12 water moccasins (D:9 D:10 Lair:3 Lair:4 Lair:5)
  Duvessa (D:6)
  2 orc warriors (Orc:1)
  An ice beast (D:9)
  4 black bears (D:6 D:9 D:10 Lair:3)
  12 wolves (Lair:1 Lair:2 Lair:4 Elf:1)
  22 ogres (D:4 D:7 D:11 Orc:1)
  5 centaurs (D:6 D:9 D:15)
  3 kobold brigands (D:7 D:8 D:9)
  Blork the orc (D:4)
  12 bullfrogs (D:6 D:9 D:10 Lair:1 Lair:3)
  3 gnoll sergeants (D:7 D:8 D:11)
  An earth elemental (Elf:1)
  2 scorpions (D:7)
  5 wights (D:9)
  Dowan (D:6)
  4 killer bees (D:8 D:9 D:10)
  A howler monkey (D:9)
  A jelly (D:6)
  3 hounds (D:5 D:6)
  4 orc priests (Orc:1)
  3 hell rats (Lair:2)
  7 orc wizards (D:5 D:6 D:7 D:8 D:10)
  2 adders (D:5)
  11 gnolls (D:6 D:8 D:9 D:11 Orc:1)
  A white imp (D:9)
  3 ufetubi (D:7 D:10)
  12 orcs (D:5 D:6 D:7 D:8 D:10)
  12 kobolds (D:7 D:8 D:9 D:12)
663 creatures vanquished.

Vanquished Creatures (others)
  2 orc high priests (D:15 Elf:2)
  5 orc knights (D:15 Lair:3 Spider:1)
  A tengu warrior (D:11)
  Nergalle (Lair:1)
  2 deep elf knights (Elf:1 Elf:2)
  A sea snake (Shoals:1)
  A harpy (Shoals:4)
  An orc sorcerer (Elf:3)
  4 deep elf pyromancers (Elf:1 Elf:2 Elf:3)
  A troll (D:11)
  A water elemental (Elf:1)
  6 orc warriors (D:7 D:8 Lair:1 Orc:1)
  13 orc wizards (D:9 Lair:1 Orc:1 D:14 Spider:1)
  11 orc priests (D:3 D:7 D:9 Orc:1 Orc:2)
  A dart slug (D:3)
  26 orcs (D:4 D:5 D:6 D:7 D:9)
  A kobold (D:13)
  A rat (D:3)
79 creatures vanquished.

Grand Total: 1499 creatures vanquished

Table legend: (Time is in decaauts)
 A = Elapsed time spent in this place.
 B = Non-inter-level travel time spent in this place.
 C = Inter-level travel time spent in this place.
 D = Time resting spent in this place.
 E = Time spent auto-exploring this place.
 F = Levels seen in this place.
 G = Mean time per level.
                   A        B        C        D        E       F      G
               +--------+--------+--------+--------+--------+-----+--------+
         Total |  64236 |  58723 |   5513 |  13880 |  18144 |  39 | 1647.1 |
       Dungeon |  20529 |  18413 |   2116 |   3001 |   8719 |  15 | 1368.6 |
          Lair |   8787 |   7523 |   1264 |   1239 |   3060 |   5 | 1757.4 |
        Shoals |   6999 |   6489 |    510 |    964 |   1553 |   4 | 1749.8 |
   Spider Nest |   8163 |   7671 |    492 |   3866 |    575 |   4 | 2040.8 |
  Orcish Mines |   3571 |   3308 |    263 |    398 |    994 |   2 | 1785.5 |
   Elven Halls |  10959 |  10233 |    726 |   3431 |    890 |   3 | 3653.0 |
        Vaults |   3478 |   3338 |    140 |    363 |   2070 |   3 | 1159.3 |
        Bazaar |    414 |    414 |      0 |    276 |     99 |   1 |  414.0 |
       Ossuary |    454 |    454 |      0 |     50 |     31 |   1 |  454.0 |
      Gauntlet |    876 |    876 |      0 |    291 |    153 |   1 |  876.0 |
               +--------+--------+--------+--------+--------+-----+--------+

Top non-repeatable levels by time:
   Elf:2: 4491 daAuts
   Elf:3: 3329 daAuts
Spider:3: 3188 daAuts
   Elf:1: 3139 daAuts
  Lair:3: 2454 daAuts
   Orc:2: 2449 daAuts
  Lair:2: 2197 daAuts
    D:11: 2165 daAuts
    D:10: 2146 daAuts
Spider:2: 2031 daAuts
Shoals:4: 1947 daAuts
Spider:1: 1880 daAuts
Shoals:2: 1835 daAuts
    D:12: 1810 daAuts
Vaults:2: 1722 daAuts

Table legend:
 A = Non-vault XP
 B = Vault XP
 C = Vault XP percentage of total XP
 D = Non-vault monster count
 E = Vault monster count
 F = Vault count percentage of total count
                 A         B        C        D         E       F
            +---------+---------+-------+---------+---------+-------
      Total |  246044 |  218888 |  47.1 |     909 |     517 |  36.3
            +---------+---------+-------+---------+---------+-------
        D:1 |      18 |       0 |   0.0 |      12 |       0 |   0.0
        D:2 |     123 |      86 |  41.1 |      22 |       3 |  12.0
        D:3 |     121 |     372 |  75.5 |      19 |      21 |  52.5
        D:4 |     452 |      54 |  10.7 |      29 |       1 |   3.3
        D:5 |     435 |       0 |   0.0 |      16 |       0 |   0.0
        D:6 |     758 |     511 |  40.3 |      23 |       4 |  14.8
        D:7 |    1763 |     831 |  32.0 |      20 |       9 |  31.0
        D:8 |     909 |     974 |  51.7 |      25 |       4 |  13.8
        D:9 |    2781 |    3162 |  53.2 |      38 |      29 |  43.3
       D:10 |    6333 |    1995 |  24.0 |      50 |      14 |  21.9
       D:11 |    2678 |    6795 |  71.7 |      11 |      31 |  73.8
       D:12 |    8727 |    1921 |  18.0 |      31 |       6 |  16.2
       D:13 |    6301 |       0 |   0.0 |      17 |       0 |   0.0
       D:14 |    4765 |    2227 |  31.9 |      11 |       5 |  31.2
       D:15 |   10297 |     661 |   6.0 |      23 |       2 |   8.0
     Lair:1 |    4133 |      60 |   1.4 |      25 |       1 |   3.8
     Lair:2 |    6464 |    4609 |  41.6 |      31 |      17 |  35.4
     Lair:3 |    6464 |    5724 |  47.0 |      31 |      16 |  34.0
     Lair:4 |    7274 |    3280 |  31.1 |      30 |      15 |  33.3
     Lair:5 |    4736 |    5266 |  52.6 |      18 |      17 |  48.6
   Shoals:1 |    7565 |       0 |   0.0 |      21 |       0 |   0.0
   Shoals:2 |   10272 |       0 |   0.0 |      31 |       0 |   0.0
   Shoals:3 |    8083 |    2403 |  22.9 |      19 |       4 |  17.4
   Shoals:4 |    2553 |   21532 |  89.4 |       7 |      35 |  83.3
   Spider:1 |   14988 |    2187 |  12.7 |      61 |       3 |   4.7
   Spider:2 |    8853 |    1965 |  18.2 |      37 |       2 |   5.1
   Spider:3 |   14121 |   13643 |  49.1 |      43 |      40 |  48.2
   Spider:4 |       0 |    2080 | 100.0 |       0 |       3 | 100.0
      Orc:1 |    3431 |    8767 |  71.9 |      25 |      37 |  59.7
      Orc:2 |    2406 |    1219 |  33.6 |      11 |       4 |  26.7
      Elf:1 |   24161 |    8899 |  26.9 |      52 |      20 |  27.8
      Elf:2 |   10237 |   65556 |  86.5 |      20 |      75 |  78.9
      Elf:3 |    7049 |    8572 |  54.9 |      14 |      10 |  41.7
   Vaults:1 |   20402 |   24699 |  54.8 |      27 |      24 |  47.1
   Vaults:2 |   30608 |    9781 |  24.2 |      48 |      10 |  17.2
   Vaults:3 |    5783 |    2756 |  32.3 |      11 |       4 |  26.7
    Ossuary |       0 |     505 | 100.0 |       0 |      34 | 100.0
   Gauntlet |       0 |    5796 | 100.0 |       0 |      17 | 100.0
            +---------+---------+-------+---------+---------+-------
